Cogmind - Beta 11 X10 @@@ ROGUE MODE // 2022.02.19 @ 02:59:11 Player: cptwinky Result: Escaped! Performance ------------- Evolutions (9) 4500 Regions Visited (33) 6600 Robots Destroyed (511) 2555 Value Destroyed (25641) 25641 Prototype IDs (62) 1240 Alien Tech Used (6) 1200 Bonus (11931) 11931 TOTAL SCORE: 53667 Bonus ------- High Alert Combat Kills 5686 Follower Combat Kills 1862 Met Data Miner 300 Met Imprinter 300 Met Warlord at Base 500 MAIN.C Attacked Warlord 500 Warlord Defense Kill 132 Hacked Protovariant 500 Scanned by Researcher 500 Win 3000 Friendly Fire -1349 Cogmind --------- Core Integrity 536/1600 Matter 85/300 Energy 99/100 System Corruption 31% Temperature Cool (0) Movement Core (50) Location To Epsilon Eridani Parts ------- > --- POWER (3) -------- (None) > --- PROPULSION (8) --- (None) > --- UTILITY (9) ------ Advanced Heat Sink Advanced Targeting Computer Experimental Targeting Computer Improved Armor Integrity Analyzer Graphene Brace > --- WEAPON (6) ------- (None) > --- INVENTORY (5) ---- Reinforced Quantum Reactor Improved Matter Compressor (300) Antimissile System Transdimensional Reconstructor Improved Datajack Peak State ------------ > --- POWER ------------ Graviton Reactor Vortex Chain Reactor > --- PROPULSION ------- Armored Heavy Treads Biometal Heavy Treads Biometal Heavy Treads Biometal Heavy Treads > --- UTILITY ---------- Advanced Cooling System Advanced Coolant Injector Huge Storage Unit Advanced Signal Interpreter Advanced Target Analyzer Phase Armor Experimental Focal Shield Ghost Barrier > --- WEAPON ----------- Heavy Dispersion Rifle Heavy Dispersion Rifle Heavy Dispersion Rifle Enhanced Quantum Rifle Advanced KE Penetrator Hypervelocity Mass Driver > --- INVENTORY -------- Advanced Energy Well Improved Matter Compressor Advanced Sensor Array Experimental Targeting Computer Improved Armor Integrity Analyzer Phase Armor Graphene Brace Advanced Thermal Shield Phase Redirector Antimissile System Transdimensional Reconstructor Dispersion Rifle Enhanced Quantum Rifle Compact HERF Cannon Core Cannon BFG-9k Vortex Edition Enhanced Gamma Bomb Array Improved Datajack [Rating: 247] Favorites ----------- Power Antimatter Reactor Engine Cooled Ion Engine Power Core Fission Core Reactor Antimatter Reactor Propulsion Armored Heavy Treads Treads Armored Heavy Treads Leg Aluminum Leg Wheel Armored Huge Wheel Utility Advanced Signal Interpreter Device Advanced Cooling System Storage Huge Storage Unit Processor Advanced Signal Interpreter Hackware Hacking Suite Protection Improved Medium Armor Plating Artifact Phase Armor Weapon Hypervelocity Mass Driver Energy Gun Quantum Rifle Energy Cannon Advanced Beam Cannon Ballistic Gun Improved Assault Rifle Ballistic Cannon Hypervelocity Mass Driver Launcher Enhanced Gamma Bomb Array Special Weapon RU-N14's Throwing Claymores Impact Weapon Mace Piercing Weapon Makeshift Spear Special Melee Weapon Datajack Build | -11 -10 -10 -9 -9 -9 -8 -8 -8 -7 -7 -7 -7 -6 -6 -6 -6 -6 -5 -5 -5 -5 -5 -4 -4 -4 -4 -4 -3 -3 -3 -2 -2 -1 ------- Run | Scr Mat Min Mat Min Exi Min Mat Sto Fac Low Low Zio Pro Fac Low Low Dat Pro Fac Upp Upp War Pro Fac Upp Upp Zhi Pro Res Tes Res Qua Acc Slots Evolved 18 | . . . 2 . . . 2 . 2 . . . . 2 . . . . 2 . . . . 2 . . . . 2 . 2 . 2 Power 2 | . . . . . . . . . . . . . . . . . . . . . . . . 1 . . . . 1 . . . . Propulsion 6 | . . . 1 . . . . . 1 . . . . . . . . . 1 . . . . 1 . . . . . . 2 . . Utility 7 | . . . 1 . . . 1 . 1 . . . . 2 . . . . 1 . . . . . . . . . 1 . . . . Weapon 3 | . . . . . . . 1 . . . . . . . . . . . . . . . . . . . . . . . . . 2 Parts Attached 444 | 2 6 8 16 7 1 11 11 12 7 7 12 21 5 48 8 2 . 15 15 2 7 15 14 46 5 9 8 16 17 21 10 16 44 Power 36 | . . 1 4 . . . . 2 . . . 1 . 5 . 2 . . 1 . 1 . . 3 . . . . 4 1 2 . 9 Engine 14 | . . 1 4 . . . . 2 . . . 1 . 3 . 1 . . . . 1 . . 1 . . . . . . . . . Core 5 | . . . . . . . . . . . . . . 2 . 1 . . 1 . . . . . . . . . 1 . . . . Reactor 17 | . . . . . . . . . . . . . . . . . . . . . . . . 2 . . . . 3 1 2 . 9 Propulsion 60 | 2 . 2 5 . . 2 3 6 5 1 1 1 2 6 . . . . 2 . 1 1 1 6 . . 2 . 3 . 1 3 4 Treads 53 | 2 . . 5 . . 2 3 6 5 1 . . 2 4 . . . . 2 . 1 1 1 6 . . 1 . 3 . 1 3 4 Leg 1 | . . . . . . . . . . . . . . . . . . . . . . . . . . . 1 . . . . . . Wheel 6 | . . 2 . . . . . . . . 1 1 . 2 . . . . . . . . . . . . . . . . . . . Hover . | . . . . . . . . . . . . . . . . . . . . . . . . . . . . . . . . . . Flight . | . . . . . . . . . . . . . . . . . . . . . . . . . . . . . . . . . . Utility 182 | . 3 2 2 4 1 3 3 1 2 5 4 8 3 22 5 . . 8 3 2 4 6 5 19 5 6 2 9 7 12 3 7 16 Device 112 | . . . 1 2 . 1 1 1 1 2 2 3 . 9 5 . . 8 1 2 3 4 3 15 4 3 . 8 6 11 3 5 8 Storage 5 | . 2 . . . 1 . . . . . . . . 1 . . . . . . . . . . . . 1 . . . . . . Processor 19 | . . . . . . 1 1 . . 1 1 5 . 2 . . . . 1 . . 1 . 1 . . . 1 . . . 1 3 Hackware 8 | . . . . . . . 1 . . . . . . 4 . . . . . . . . . . . . . . 1 1 . . 1 Protection 35 | . 1 2 1 2 . 1 . . 1 2 1 . 3 6 . . . . 1 . 1 1 2 3 1 3 1 . . . . . 2 Artifact 3 | . . . . . . . . . . . . . . . . . . . . . . . . . . . . . . . . 1 2 Weapon 166 | . 3 3 5 3 . 6 5 3 . 1 7 11 . 15 3 . . 7 9 . 1 8 8 18 . 3 4 7 3 8 4 6 15 Energy Gun 27 | . . . . . . . . . . . . 4 . 3 . . . 1 1 . . . . 1 . . . 4 1 . 4 2 6 Energy Cannon 42 | . 1 . . . . . . . . . 2 3 . 7 3 . . 3 6 . . 2 3 4 . 2 1 1 . . . 1 3 Ballistic Gun 28 | . 2 2 3 2 . 3 4 3 . 1 2 1 . . . . . . . . . . . . . . . . . 3 . 2 . Ballistic Cannon 28 | . . . . . . . 1 . . . . . . . . . . . . . . 5 1 9 . 1 3 1 1 3 . . 3 Launcher 12 | . . . 1 1 . 2 . . . . . . . 2 . . . 2 . . . . . . . . . . . 1 . 1 2 Special Weapon 10 | . . . . . . . . . . . 1 1 . . . . . . 1 . 1 . 3 2 . . . 1 . . . . . Impact Weapon 6 | . . . . . . 1 . . . . 2 2 . 1 . . . . . . . . . . . . . . . . . . . Slashing Weapon . | . . . . . . . . . . . . . . . . . . . . . . . . . . . . . . . . . . Piercing Weapon 2 | . . 1 1 . . . . . . . . . . . . . . . . . . . . . . . . . . . . . . Special Melee Weapon 11 | . . . . . . . . . . . . . . 2 . . . 1 1 . . 1 1 2 . . . . 1 1 . . 1 Unidentified Prototypes 34 | . . . 1 . . . . . . . 2 8 . . . 1 . . . . . 2 . . . . 4 . . 5 3 6 2 Corrupted Parts 1 | . . . . . . . . . . . . . . . . . . . . . . . . . . . . . . . . . 1 System Corruption 3 | . . . . . . . . . . . . . . . . . . . . . . . . . . . . . . . . . 3 Parts Lost 66 | . . 5 3 . . 4 5 1 . 1 . . 1 4 . . . . . . 2 . 2 5 . 1 . . 2 1 . 2 27 Power 11 | . . 1 1 . . . . 1 . . . . . 1 . . . . . . . . . . . . . . 1 . . . 6 Propulsion 12 | . . 1 . . . 2 2 . . . . . . . . . . . . . . . . . . . . . . . . 1 6 Utility 28 | . . 2 1 . . 2 1 . . . . . 1 1 . . . . . . 2 . 2 4 . 1 . . 1 1 . 1 8 Weapon 15 | . . 1 1 . . . 2 . . 1 . . . 2 . . . . . . . . . 1 . . . . . . . . 7 Highest Loss Streak 11 | . . 4 1 . . 3 3 1 . 1 . . 1 1 . . . . . . 2 . 2 1 . 1 . . 2 1 . 1 11 To Critical Strikes . | . . . . . . . . . . . . . . . . . . . . . . . . . . . . . . . . . . Average Slot Usage (%) 83 | . 97 98 93 100 100 91 94 100 100 99 98 76 65 78 81 81 81 81 77 77 78 80 76 76 75 74 55 79 80 72 77 78 71 Engine 4 | . 14 13 11 11 11 11 9 9 7 7 7 7 7 1 . . . . . . 2 5 5 4 . . . . . . . . . Core 1 | . . . . . . . . . . . . . . 4 6 6 6 6 5 5 2 . . . . . . . 3 3 . . . Reactor 2 | . . . . . . . . . . . . . . . . . . . . . . . . 5 10 10 10 10 8 4 8 8 8 Treads 17 | . 28 15 20 33 33 33 25 27 30 29 26 9 2 11 12 12 12 12 11 11 12 16 16 15 15 15 15 15 12 13 16 16 13 Wheel 1 | . . 12 7 . . . . . . . 1 9 12 4 . . . . . . . . . . . . . . . . . . . Device 11 | . . . 11 11 11 7 1 9 11 9 6 6 7 7 6 12 12 12 11 11 10 10 7 14 17 18 15 18 17 20 19 19 12 Storage 6 | . 14 14 11 11 11 11 9 9 7 7 7 7 7 6 6 6 6 6 5 5 5 5 5 5 5 5 5 5 4 4 4 4 2 Processor 8 | . . . . . . . 9 9 7 7 8 7 7 12 17 12 12 12 16 16 16 16 14 7 5 5 5 5 9 5 4 5 7 Hackware 2 | . . . . . . . 7 9 7 . . . . 12 . . . . . . . . . . . . . . 3 7 8 6 2 Protection 6 | . 11 14 11 11 11 6 6 . 2 11 13 14 14 2 6 6 6 6 5 5 5 5 10 6 2 1 5 5 3 . . . . Energy Gun 1 | . . . . . . . . . . . . 4 7 3 . . . . 4 . . . . 1 . . . . 13 3 6 11 11 Energy Cannon 6 | . 2 . . . . . . . . . 3 8 . 9 25 25 25 23 16 22 16 10 3 2 . 1 . 1 . . . . 1 Ballistic Gun 7 | . 25 27 21 21 22 21 22 27 23 23 18 2 . . . . . . . . . . . . . . . . . . 5 3 2 Ballistic Cannon 3 | . . . . . . . 3 . . . . . . . . . . . . . . 6 12 13 20 18 . 14 2 6 1 . 1 Naked Turns . | . . . . . . . . . . . . . . . . . . . . . . . . . . . . . . . . . . Heaviest Build 238 | 13 38 38 42 43 59 65 69 63 66 73 80 86 86 124 136 136 136 137 138 138 143 155 155 184 189 189 177 184 198 205 179 201 238 Greatest Support 285 | 40 40 40 60 60 60 60 60 60 80 80 80 56 56 120 120 120 120 120 120 120 148 148 147 200 200 200 200 200 205 205 265 285 285 Greatest Overweight (x) 4 | . . 3 4 . . 1 3 1 . . 2 3 3 4 1 1 1 1 1 1 1 1 1 1 . . 1 . 1 . . . . Average Overweight (x) . | . . 2 2 . . . . . . . . 1 1 2 1 1 1 1 1 1 . . . . . . . . . . . . . Largest Inventory Capacity 25 | 8 15 15 15 15 20 20 20 20 20 20 20 20 20 25 25 25 25 25 25 25 25 25 25 25 25 25 25 25 25 25 25 25 25 Average Capacity 22 | 8 9 15 15 15 17 20 20 20 20 20 20 20 20 23 25 25 25 25 25 25 25 25 25 25 25 25 25 25 25 25 25 25 24 Most Carried 25 | 6 10 12 15 15 17 18 20 20 20 20 20 20 20 25 25 25 25 25 25 25 25 25 25 25 25 25 25 25 25 25 25 25 25 Average Carried 21 | 6 8 9 12 14 14 16 19 19 19 19 19 18 19 23 24 24 25 25 24 25 22 24 24 24 24 24 24 24 24 24 24 24 19 Final Capacity 25 | 8 15 15 15 15 20 20 20 20 20 20 20 20 20 25 25 25 25 25 25 25 25 25 25 25 25 25 25 25 25 25 25 25 5 Final Carried 25 | 6 10 11 15 15 17 17 20 20 20 20 20 20 20 25 24 25 25 25 25 25 23 25 25 25 25 24 25 25 23 25 25 25 5 Class Distribution -------------------- 16% | Skirmisher 16% | Mutant 14% | Gunner 10% | Tank 7% | Commander-Tank 5% | Generator-Tank 4% | Commander-Gunner 4% | Hacker-Gunner 4% | Scavenger-Mutant 3% | Machinist-Tank Dominant Class ---------------- Mutant | -10/Materials Mutant | -10/Mines Mutant | -9/Materials Scavenger-Mutant | -9/Mines Scavenger-Mutant | -9/Exiles Mutant | -8/Mines Scavenger-Gunner | -8/Materials Gunner | -8/Storage Commander-Gunner | -7/Factory Commander-Tank | -7/Lower Caves Gunner | -7/Lower Caves Commander-Tank | -7/Zion Tank | -6/Proximity Caves Hacker-Gunner | -6/Factory Skirmisher | -6/Lower Caves Skirmisher | -6/Lower Caves Skirmisher | -6/Data Miner Skirmisher | -5/Proximity Caves Gunner | -5/Factory Pyromaniac-Skirmisher | -5/Upper Caves Mutant | -5/Upper Caves Commander-Mutant | -5/Warlord Gunner | -4/Proximity Caves Machinist-Tank | -4/Factory Tank | -4/Upper Caves Skirmisher | -4/Upper Caves Mutant | -4/Zhirov Tank | -3/Proximity Caves Generator-Tank | -3/Research Generator-Tank | -3/Testing Generator-Tank | -2/Research Generator-Tank | -2/Quarantine Generator-Executioner | -1/Access Resources | -11 -10 -10 -9 -9 -9 -8 -8 -8 -7 -7 -7 -7 -6 -6 -6 -6 -6 -5 -5 -5 -5 -5 -4 -4 -4 -4 -4 -3 -3 -3 -2 -2 -1 ----------- Run | Scr Mat Min Mat Min Exi Min Mat Sto Fac Low Low Zio Pro Fac Low Low Dat Pro Fac Upp Upp War Pro Fac Upp Upp Zhi Pro Res Tes Res Qua Acc Matter Collected 15107 | 167 247 496 448 224 . 280 228 1012 133 291 310 210 50 818 66 34 . 276 185 39 89 225 381 3498 402 590 250 616 478 1519 452 422 671 Remotely . | . . . . . . . . . . . . . . . . . . . . . . . . . . . . . . . . . . Salvage Created 24892 | . 306 326 763 312 . 303 419 1344 253 369 255 . 626 3159 126 . . 698 889 354 376 45 283 3924 509 603 . 666 953 999 637 1052 4343 Parts 1051 | . 22 13 47 27 . 28 28 84 15 15 10 . 18 106 1 . . 27 27 9 13 1 24 164 19 22 . 17 34 39 20 55 166 Haulers Intercepted 20 | . 1 . 5 . . . 1 6 1 . . . . . . . . . . . . . . 2 . . . . . . 3 . 1 Recyclers Shooed 13 | . . . . . . 1 . . . . . . . 2 . . . . . . . . . 5 . . . . . . . . 5 Parts Field Recycled . | . . . . . . . . . . . . . . . . . . . . . . . . . . . . . . . . . . Retrieved Matter . | . . . . . . . . . . . . . . . . . . . . . . . . . . . . . . . . . . Parts Self-Destructed 289 | . . . . . . . . . . 14 20 3 24 . 6 7 . 27 . 10 14 76 20 . 19 22 . 27 . . . . . Prevented 23 | . . . . . . . . . . . . . . . 3 . . . . . . 2 . . 9 5 . 4 . . . . . Kills | -11 -10 -10 -9 -9 -9 -8 -8 -8 -7 -7 -7 -7 -6 -6 -6 -6 -6 -5 -5 -5 -5 -5 -4 -4 -4 -4 -4 -3 -3 -3 -2 -2 -1 ------- Run | Scr Mat Min Mat Min Exi Min Mat Sto Fac Low Low Zio Pro Fac Low Low Dat Pro Fac Upp Upp War Pro Fac Upp Upp Zhi Pro Res Tes Res Qua Acc Combat Hostiles Destroyed 440 | . 7 11 14 12 . 16 11 19 4 4 2 . 10 54 2 . . 18 15 5 13 1 19 67 8 10 . 15 15 20 5 12 51 Melee 2 | . . . . . . . . . . . . . . 1 . . . . . . . . . . . . . . . . . . 1 Guns 185 | . 7 11 11 10 . 9 7 19 4 4 2 . 10 27 . . . . 1 . . . . 6 . . . . 11 2 2 12 30 Cannons 166 | . . . . . . . 4 . . . . . . 18 2 . . 8 9 5 2 1 9 50 8 10 . 6 4 18 3 . 9 AOE 68 | . . . 3 2 . 7 . . . . . . . 4 . . . 8 2 . 11 . 10 9 . . . 9 . . . . 3 Classes Destroyed 26 | . 5 3 1 2 . 2 . 2 1 1 1 . . 1 . . . 1 . . . . 1 3 1 . . . . 1 . . . Worker 19 | . 1 1 . . . . . 2 . . . . . 2 . . . . . . . . . 5 . . . . 2 1 1 . 4 Builder 12 | . . 1 1 . . . . . . . . . . . . . . . . . . . . 2 . . . . . 1 . 2 5 Tunneler 2 | . . . . 1 . . . . . . . . . 1 . . . . . . . . . . . . . . . . . . . Hauler 20 | . 1 . 5 . . . 1 6 1 . . . . . . . . . . . . . . 2 . . . . . . 3 . 1 Recycler 5 | . . . . . . . . 1 . . . . . 1 . . . . . . . . . 1 . . . . . . . . 2 Carrier 2 | . . . . . . . . . . . . . . . . . . . . . . . . 2 . . . . . . . . . Minesweeper 1 | . . . . . . . . . . . . . . . . . . . . . . . . . 1 . . . . . . . . Operator 8 | . . . . . . . . 1 . . . . . 1 . . . . . . . . . 2 . . . . 1 . . 3 . Watcher 11 | . 1 . . . . . . 1 . . . . . 1 . . . . 2 . . . . 2 . . . 2 . 1 1 . . Swarmer 69 | . 3 . 3 6 . 12 3 3 . . 1 . . 6 . . . 5 . . 5 . 14 5 . . . 3 . . . . . Saboteur 2 | . . . . . . . . . . . . . . . . . . . . . . . . 2 . . . . . . . . . Grunt 173 | . 4 2 9 5 . 2 4 6 3 1 . . 8 31 2 . . 8 5 2 6 . 4 22 4 5 . 2 5 3 5 5 20 Brawler 16 | . . . . . . 1 1 1 . . . . . . . . . 1 1 1 1 . . 3 1 2 . 1 . . . . 2 Duelist 11 | . . . . 1 . . . . . 2 . . . . . . . 1 . . . . . 3 . . . 2 1 . . . 1 Protector 3 | . . . . . . . . . . . . . . . . . . 1 . . . . . 1 . . . . . . . . 1 Researcher 3 | . . . . . . . . . . . 1 . . . . . . . . . . . . . . . . . . 2 . . . Sentry 47 | . . . 2 . . . 2 9 . 1 . . . 6 . . . 1 3 2 . . . 6 2 . . 5 2 4 . 1 1 Demolisher 2 | . . 2 . . . . . . . . . . . . . . . . . . . . . . . . . . . . . . . Specialist 13 | . . . . . . . . . . . . . . . . . . . . . . . . 4 . . . . . 3 . . 6 Hunter 40 | . . . . . . 1 1 . . . 1 . 2 5 . . . 1 4 . . 1 . 6 . . . 2 2 4 . 4 6 Programmer 44 | . . . . . . . . . 1 . . . . 5 . . . . 2 . . . . 14 1 3 . . 4 5 . 1 8 Heavy 4 | . . . . . . . . . . . . . . 1 . . . . . . . . . 1 . . . . . . . . 2 Q-Series 4 | . . . . . . . . . . . . . . . . . . . . . . . . . . . . . . 1 . 1 2 Behemoth 4 | . . . . . . . . . . . . . . . . . . . . . . . 1 . . . . . 1 . . . 2 Packrat 2 | . . . . . . . . . . . 2 . . . . . . . . . . . . . . . . . . . . . . Assembled 7 | . . 7 . . . . . . . . . . . . . . . . . . . . . . . . . . . . . . . Thug 1 | . . . . . . . . . . . . . . . . . . . . . . . . 1 . . . . . . . . . Savage 1 | . . . . . . . . . . 1 . . . . . . . . . . . . . . . . . . . . . . . Mutant 2 | . . . . . . . . . . 1 . . . . . . . . . . 1 . . . . . . . . . . . . Best Kill Streak 9 | . 5 4 4 4 . 5 7 3 2 4 1 . 4 5 2 . . 5 5 2 8 1 5 7 3 3 . 8 8 9 6 6 9 Combat Bots Only 9 | . 5 3 4 4 . 5 7 3 2 4 1 . 4 5 2 . . 5 3 2 8 1 5 5 3 3 . 8 8 5 4 5 9 Max Kills in Single Turn 4 | . 1 2 3 2 . 4 2 2 1 1 1 . 2 2 1 . . 4 2 1 4 1 3 4 1 1 . 3 2 1 2 2 2 Gunslinging 1 | . . 1 1 1 . . 1 . . . . . . . . . . . . . . . . . . . . . 1 . . 1 1 Exploded 4 | . . . 3 1 . 4 . . . . . . . 2 . . . 4 1 . 4 . 3 3 . . . 3 . . . . 2 Melee 1 | . . . . . . . . . . . . . . 1 . . . . . . . . . . . . . . . . . . 1 Uniques/NPCs Destroyed . | . . . . . . . . . . . . . . . . . . . . . . . . . . . . . . . . . . Combat | -11 -10 -10 -9 -9 -9 -8 -8 -8 -7 -7 -7 -7 -6 -6 -6 -6 -6 -5 -5 -5 -5 -5 -4 -4 -4 -4 -4 -3 -3 -3 -2 -2 -1 -------- Run | Scr Mat Min Mat Min Exi Min Mat Sto Fac Low Low Zio Pro Fac Low Low Dat Pro Fac Upp Upp War Pro Fac Upp Upp Zhi Pro Res Tes Res Qua Acc Damage Taken 32268 | . 152 836 532 223 . 710 527 496 112 670 264 . 642 2807 114 . . 1169 1275 416 777 . 792 4396 318 343 . 289 1406 2139 420 858 9585 Core 2285 | . 34 41 57 13 . 65 77 10 15 64 . . 139 183 . . . 58 144 28 69 . 55 164 . . . 23 60 87 . 9 890 Absorbed by Shields 4814 | . . . . 87 . 38 . 4 . . . . . . . . . . . . . . 415 898 . . . . 710 1632 320 710 . Reduced by Siege Mode 856 | . . . . . . . . . . . . . . 45 10 . . 26 20 6 60 . . 160 18 42 . 26 132 168 67 38 38 Redirected to Core 212 | . . . . . . . . . . . . . . . . . . . . . . . . . . . . . . . . . 212 Regen/Repaired (Parts) 3265 | . . . 110 . . . . 82 57 . . . . 255 . . . . 1740 . . . . 454 . . . . 567 . . . . Core Remaining (%) 75 | 100 . 70 . . . 66 . 84 . . . . 68 . . . . 71 . . . . 70 . . . . 83 . 88 . 99 33 Volleys Fired 1122 | . 27 44 56 21 . 29 30 60 7 24 18 1 15 86 24 . . 33 33 12 26 5 30 178 12 25 . 31 48 59 30 52 106 Largest 5 | . 2 2 2 2 . 2 3 3 3 3 3 1 1 4 4 . . 4 4 3 3 3 3 4 4 3 . 4 4 3 4 4 5 Hottest 405 | . 46 46 46 53 . 46 90 75 69 71 71 250 250 272 272 . . 303 310 286 286 221 221 296 264 198 . 264 376 271 314 314 405 Shots Fired 2729 | . 54 89 111 41 . 56 73 176 21 72 54 1 15 216 36 . . 82 95 26 38 11 57 414 39 65 . 56 141 121 69 161 339 Gun 1499 | . 54 89 110 38 . 54 51 176 21 72 54 1 15 39 . . . . 18 . . . . 45 . . . . 113 44 57 161 287 Cannon 1177 | . . . . . . . 22 . . . . . . 174 36 . . 73 75 26 31 11 50 365 39 65 . 48 28 77 12 . 45 Launcher 25 | . . . 1 3 . 2 . . . . . . . 3 . . . 9 . . . . . . . . . . . . . . 7 Special 28 | . . . . . . . . . . . . . . . . . . . 2 . 7 . 7 4 . . . 8 . . . . . Kinetic 1486 | . 54 89 110 38 . 54 73 176 21 72 54 . . . . . . . . . . 6 48 282 39 60 . 36 28 89 49 46 62 Thermal 1161 | . . . . . . . . . . . . 1 15 213 36 . . 73 93 26 31 5 2 128 . 5 . 12 113 32 20 115 241 Explosive 46 | . . . 1 3 . 2 . . . . . . . 3 . . . 9 2 . 7 . 7 4 . . . 8 . . . . . Electromagnetic 19 | . . . . . . . . . . . . . . . . . . . . . . . . . . . . . . . . . 19 Entropic 17 | . . . . . . . . . . . . . . . . . . . . . . . . . . . . . . . . . 17 Robot Hit Streak 38 | . 8 8 13 12 . 16 11 34 5 20 38 3 14 32 13 . . 22 9 13 30 3 15 27 9 20 . 7 15 17 12 20 31 Robot Miss Streak 11 | . 3 5 3 3 . 2 3 3 1 1 1 1 8 11 . . . 2 5 1 1 2 3 5 1 3 . 4 2 3 2 4 4 Penetration Max 2 | . . . . . . . . . . . . . . . . . . . . . . . . 2 . . . . . . . 1 1 Secondary Targets 39 | . 3 2 2 1 . 3 3 1 1 3 1 . . . . . . . . . . . . . . . . . 3 . . 5 11 Max Gunslinging Chain 2 | . 1 1 1 1 . 1 2 1 1 1 1 . . . . . . . . . . . . . . . . . 1 . . 1 1 Shots Hit Robots 1831 | . 35 51 73 23 . 42 48 129 15 63 46 1 15 164 13 . . 61 58 22 27 22 45 237 21 40 . 26 100 79 36 92 247 Core Hits 955 | . 15 23 29 19 . 22 21 49 9 17 13 2 32 134 6 . . 37 30 10 21 3 30 115 11 12 . 35 34 36 18 37 135 Critical Kills 91 | . . 1 . 1 . . . . . . . . . 3 . . . 1 . . . . . 33 8 10 . 6 . . 2 5 21 Critical Parts Destroyed 131 | . . . . . . . . . 1 . 1 . . . . . . . . . . . 2 64 7 17 . 7 . . 2 6 24 Critical Strikes 275 | . . 1 . 1 . . 2 . 1 . 1 . . 3 . . . 1 2 . 3 . 8 110 16 28 . 19 . 7 6 14 52 Burn 5 | . . . . . . . . . . . . . . . . . . . 1 . . . . . . . . . . . 1 1 2 Meltdown 5 | . . . . . . . . . . . . . . 2 . . . 1 . . . . . 2 . . . . . . . . . Destroy 234 | . . 1 . 1 . . . . 1 . 1 . . . . . . . . . . . 4 100 16 28 . 17 . . 4 13 48 Blast 19 | . . . . . . . 2 . . . . . . . . . . . . . . . 2 7 . . . . . 7 1 . . Smash 1 | . . . . . . . . . . . . . . 1 . . . . . . . . . . . . . . . . . . . Sever 9 | . . . . . . . . . . . . . . . . . . . 1 . 3 . 2 1 . . . 2 . . . . . Sunder 2 | . . . . . . . . . . . . . . . . . . . . . . . . . . . . . . . . . 2 Melee Attacks 70 | . . 3 2 . . 1 . . . . 36 1 . 2 . . . 1 . . . 15 1 4 . . . . . 3 . . 1 Impact 39 | . . . . . . 1 . . . . 36 1 . 1 . . . . . . . . . . . . . . . . . . . Slashing . | . . . . . . . . . . . . . . . . . . . . . . . . . . . . . . . . . . Piercing 13 | . . 3 2 . . . . . . . . . . . . . . . . . . . 1 4 . . . . . 3 . . . Sneak Attacks 19 | . . . . . . . . . . . . . . 2 . . . 1 . . . 15 . . . . . . . 1 . . . Combat Hostiles 2 | . . . . . . . . . . . . . . 1 . . . . . . . . . . . . . . . 1 . . . Follow-up Attacks . | . . . . . . . . . . . . . . . . . . . . . . . . . . . . . . . . . . Damage Inflicted 74571 | . 613 823 1312 629 . 1069 906 2304 248 1047 681 116 1405 6381 265 . . 2901 2289 727 2333 296 3137 10342 398 670 . 2619 4071 4726 1688 2718 17857 Guns 27298 | . 590 823 1193 358 . 641 570 2302 248 1047 681 116 1405 3152 . . . . 273 . . . . 939 . . . . 2570 702 833 2718 6137 Cannons 33408 | . . . . . . . 336 . . . . . . 2586 265 . . 1422 1242 727 707 296 1345 7024 398 670 . 484 1345 3801 788 . 9972 Explosions 12131 | . . . 108 257 . 388 . . . . . . . 534 . . . 1479 694 . 1385 . 1612 1944 . . . 1924 . 171 . . 1635 Melee 97 | . . . . . . . . . . . . . . 81 . . . . . . . . 2 2 . . . . . 12 . . . Ramming 874 | . 23 . 11 14 . 40 . 2 . . . . . 28 . . . . 31 . . . . 268 . . . 81 156 40 67 . 113 Kinetic 25883 | . 590 823 1193 358 . 641 906 2302 248 1047 681 . . . . . . . . . . 197 1345 5725 398 670 . 331 1345 3956 1298 717 1112 Thermal 27933 | . . . . 63 . . . . . . . 116 1405 5923 265 . . 1422 1515 727 707 99 . 2530 . . . 153 2570 547 323 2001 7567 Explosive 9956 | . . . 108 194 . 388 . . . . . . . 349 . . . 1479 694 . 1385 . 1612 1652 . . . 1924 . 171 . . . Electromagnetic 1894 | . . . . . . . . . . . . . . . . . . . . . . . . . . . . . . . . . 1894 Impact 81 | . . . . . . . . . . . . . . 81 . . . . . . . . . . . . . . . . . . . Slashing 763 | . . . . . . . . . . . . . . . . . . . 49 . 241 . 178 165 . . . 130 . . . . . Piercing 16 | . . . . . . . . . . . . . . . . . . . . . . . 2 2 . . . . . 12 . . . Entropic 7171 | . . . . . . . . . . . . . . . . . . . . . . . . . . . . . . . . . 7171 Highest Corruption 31 | . . 3 . . . . . 1 . . . . . 1 1 . . . 2 2 2 2 . 6 1 2 2 2 2 9 5 8 31 Average Corruption 3 | . . 3 . . . . . 1 . . . . . 1 1 . . . 1 2 2 2 . 3 1 1 2 2 1 3 5 6 22 Corruption Purged 11 | . . . . . . . . . . . . . . . 1 . . . . . . . . 7 1 2 . . . . . . . Corruption Blocked 6 | . . . . . . . . . . . . . . . . . . . . . . . . . . . . . . . 1 5 . Effects 256 | . . 5 . . . . . 15 . . . . . 7 . . . . 17 10 19 1 . 48 . 5 1 23 5 30 7 21 42 Message Errors 59 | . . . . . . . . 2 . . . . . 3 . . . . 4 3 8 . . 12 . . . 8 1 10 . 3 5 Matter Fused 62 | . . 1 . . . . . 8 . . . . . . . . . . 5 3 3 1 . 8 . 3 1 4 2 7 3 4 9 Heat Flow Errors 24 | . . . . . . . . 2 . . . . . 1 . . . . 3 . 2 . . 4 . 1 . 3 . 2 . 5 1 Energy Discharges 35 | . . 1 . . . . . 2 . . . . . 2 . . . . . 2 2 . . 12 . . . 1 . 4 2 2 5 Parts Rejected 4 | . . . . . . . . . . . . . . . . . . . . . . . . . . . . . . . . . 4 Data Loss (minor) 15 | . . . . . . . . . . . . . . . . . . . 4 . 3 . . . . 1 . 1 1 3 . 1 1 Data Loss (major) 10 | . . . . . . . . . . . . . . . . . . . 1 1 1 . . 1 . . . 2 . 2 . . 2 Misfires 22 | . . 3 . . . . . 1 . . . . . 1 . . . . . . . . . 6 . . . 4 . . . 2 5 Alerts 4 | . . . . . . . . . . . . . . . . . . . . 1 . . . . . . . . . 1 1 . 1 Misdirections 2 | . . . . . . . . . . . . . . . . . . . . . . . . . . . . . . . . . 2 Weapon Failures 19 | . . . . . . . . . . . . . . . . . . . . . . . . 5 . . . . 1 1 1 4 7 Overload Shots . | . . . . . . . . . . . . . . . . . . . . . . . . . . . . . . . . . . Overflow Damage 3444 | . . . . 3 . 10 . . . . . . . 9 17 . . 108 74 25 46 . 94 423 . . . 120 323 274 64 . 1854 Projectiles 2926 | . . . . . . . . . . . . . . 7 17 . . 39 27 25 5 . 6 327 . . . 23 258 274 64 . 1854 Explosions 418 | . . . . 3 . 10 . . . . . . . 2 . . . 69 47 . 41 . 88 61 . . . 97 . . . . . Melee 100 | . . . . . . . . . . . . . . . . . . . . . . . . 35 . . . . 65 . . . . Knockbacks 91 | . . . . . . . 1 . . . . . . . . . . . 1 . . 2 3 43 3 2 . 4 6 20 5 . 1 Impact 4 | . . . . . . . . . . . . . . . . . . . 1 . . . . 2 . . . . . . . . 1 Kinetic 82 | . . . . . . . 1 . . . . . . . . . . . . . . 2 3 38 3 2 . 4 6 19 4 . . Secondary 5 | . . . . . . . . . . . . . . . . . . . . . . . . 3 . . . . . 1 1 . . Self-Inflicted Damage 416 | . . . 3 . . . . . . . . . . 93 . . . . . . . . . 126 . . . . . 172 . . 22 Shots 9 | . . . . . . . . . . . . . . 2 . . . . . . . . . 2 . . . . . 3 . . 2 Rammed 47 | . 3 . 2 2 . 3 . 1 1 . . . . 1 . . . . 2 . . . . 14 . . . 3 6 2 2 . 5 Targets Rammed 49 | . 3 . 2 2 . 3 . 1 1 . . . . 1 . . . . 2 . . . . 14 . . . 4 6 2 3 . 5 Kicked . | . . . . . . . . . . . . . . . . . . . . . . . . . . . . . . . . . . Crushed 2 | . . . . . . . . . . . . . . . . . . . . . . . . . . . . 1 . . 1 . . Highest Temperature 621 | . 9 32 . 1 . 20 188 167 . 1 . 68 352 414 349 . . 382 247 171 324 84 127 279 204 194 . 252 359 261 197 151 621 Average Temperature 94 | . 4 11 . 1 . 6 58 30 . 1 . 38 120 92 94 . . 120 106 73 96 39 41 88 81 51 . 82 137 60 87 12 166 Received Heat Transfer 5131 | . 51 168 165 48 . 189 261 177 30 144 9 . 297 844 54 . . 495 153 81 214 . 87 459 79 . . 27 187 162 89 46 615 Effects 30 | . . . . . . . . . . . . . 1 4 . . . 2 . . 1 . . . . . . . 2 . . . 20 Shutdowns 12 | . . . . . . . . . . . . . . 2 . . . . . . 1 . . . . . . . 1 . . . 8 Energy Bleed 6 | . . . . . . . . . . . . . . 1 . . . 1 . . . . . . . . . . 1 . . . 3 Interference 3 | . . . . . . . . . . . . . 1 . . . . . . . . . . . . . . . . . . . 2 Matter Decay 3 | . . . . . . . . . . . . . . 1 . . . . . . . . . . . . . . . . . . 2 Short Circuit 2 | . . . . . . . . . . . . . . . . . . 1 . . . . . . . . . . . . . . 1 Damage (minor) 2 | . . . . . . . . . . . . . . . . . . . . . . . . . . . . . . . . . 2 Damage (major) 1 | . . . . . . . . . . . . . . . . . . . . . . . . . . . . . . . . . 1 Damage (core) 1 | . . . . . . . . . . . . . . . . . . . . . . . . . . . . . . . . . 1 Siege Activations 55 | . . . . . . . . . . . . . . 3 1 . . 2 4 1 2 . . 16 3 6 . 2 3 7 1 2 2 Total Turns 1197 | . . . . . . . . . . . . . . 70 52 . . 48 49 20 54 . . 364 58 86 . 60 58 167 28 50 33 Longest Duration 56 | . . . . . . . . . . . . . . 40 52 . . 37 26 20 32 . . 56 32 39 . 33 36 49 28 31 26 Robots Corrupted 7 | . . . . . . . . . . . . . . . . . . . . . . . . . . . . . . . . . 7 Combat Hostiles 7 | . . . . . . . . . . . . . . . . . . . . . . . . . . . . . . . . . 7 Parts Fried 19 | . . . . . . . . . . . . . . . . . . . . . . . . . . . . . 2 . . . 17 Impact Corruptions 4 | . . . . . . . . . . . . . . . . . . . . . . . . 2 . . . . 2 . . . . Robots Melted 12 | . . . . . . . . . . . . . . 4 . . . 2 3 . . . . 2 . . . . . . . . 1 Combat Hostiles 12 | . . . . . . . . . . . . . . 4 . . . 2 3 . . . . 2 . . . . . . . . 1 Parts Melted 86 | . . . 1 . . . . . . . . . 4 27 3 . . 4 8 . 2 . . 8 3 . . . 4 1 . 2 19 Heat Transferred 36657 | . . . . 100 . . . . . . . 175 2050 9300 481 . . 2327 2718 1100 1100 150 . 3103 . . . . 3145 740 546 2891 6731 Parts Sabotaged . | . . . . . . . . . . . . . . . . . . . . . . . . . . . . . . . . . . Parts Stolen . | . . . . . . . . . . . . . . . . . . . . . . . . . . . . . . . . . . Parts Stripped . | . . . . . . . . . . . . . . . . . . . . . . . . . . . . . . . . . . Power Chain Reactions 1 | . . . . . . . . . . . . . . . . . . . . . . . . . . . . . . . . . 1 Missiles Intercepted . | . . . . . . . . . . . . . . . . . . . . . . . . . . . . . . . . . . Alert | -11 -10 -10 -9 -9 -9 -8 -8 -8 -7 -7 -7 -7 -6 -6 -6 -6 -6 -5 -5 -5 -5 -5 -4 -4 -4 -4 -4 -3 -3 -3 -2 -2 -1 ------- Run | Scr Mat Min Mat Min Exi Min Mat Sto Fac Low Low Zio Pro Fac Low Low Dat Pro Fac Upp Upp War Pro Fac Upp Upp Zhi Pro Res Tes Res Qua Acc Peak Influence 2058 | . 209 96 283 270 . 261 268 328 267 . . . . 1263 . . . . 263 . . . . 2058 . . . . 225 444 272 410 1531 Initial 249 | . . 21 1 31 . . 11 52 34 . . . . 57 . . . . 67 . . . . . . . . . . 5 249 54 245 Average 359 | . 87 31 112 99 . 110 91 130 87 . . . . 448 . . . . 118 . . . . 992 . . . . 75 225 202 245 1061 Maximum Alert Level 5 | . 1 . 1 1 . 1 1 1 1 . . . . 4 . . . . 1 . . . . 5 . . . . 1 2 1 2 4 Low Security (%) 57 | 100 73 100 82 91 . 85 86 78 93 . . . . 43 . . . . 82 . . . . 3 . . . . 92 47 29 43 . Level 1 17 | . 26 . 17 8 . 14 13 21 6 . . . . 12 . . . . 17 . . . . 22 . . . . 7 27 70 56 6 Level 2 5 | . . . . . . . . . . . . . . 10 . . . . . . . . . 14 . . . . . 24 . . 3 Level 3 7 | . . . . . . . . . . . . . . 19 . . . . . . . . . 12 . . . . . . . . 42 Level 4 8 | . . . . . . . . . . . . . . 12 . . . . . . . . . 25 . . . . . . . . 47 Level 5 3 | . . . . . . . . . . . . . . . . . . . . . . . . 20 . . . . . . . . . High Security . | . . . . . . . . . . . . . . . . . . . . . . . . . . . . . . . . . . Max Security . | . . . . . . . . . . . . . . . . . . . . . . . . . . . . . . . . . . Squads Dispatched 99 | . 1 . 3 . . 1 . 1 2 . 1 . . 16 . . . 1 3 . . . . 23 . . . . 5 13 1 8 20 Investigation 14 | . 1 . 1 . . 1 . . . . . . . 5 . . . . 1 . . . . 3 . . . . . 1 . 1 . Extermination 21 | . . . . . . . . . 2 . . . . 4 . . . . 1 . . . . 5 . . . . 2 3 . 1 3 Reinforcement 31 | . . . 2 . . . . 1 . . . . . 4 . . . . 1 . . . . 6 . . . . . 4 1 3 9 Assault 19 | . . . . . . . . . . . 1 . . 1 . . . 1 . . . . . 9 . . . . . 2 . . 5 Garrison 14 | . . . . . . . . . . . . . . 2 . . . . . . . . . . . . . . 3 3 . 3 3 Intercept . | . . . . . . . . . . . . . . . . . . . . . . . . . . . . . . . . . . Construction Impeded 4 | . . . . . . . . . . . . . . . . . . . . . . . . 2 . . . . . . . . 2 Haulers Reinforced 1 | . . . . . . . . . . . . . . 1 . . . . . . . . . . . . . . . . . . . Active Scanning Responses . | . . . . . . . . . . . . . . . . . . . . . . . . . . . . . . . . . . Cargo Convoy Interrupts 1 | . . . . . . . . . 1 . . . . . . . . . . . . . . . . . . . . . . . . Stealth | -11 -10 -10 -9 -9 -9 -8 -8 -8 -7 -7 -7 -7 -6 -6 -6 -6 -6 -5 -5 -5 -5 -5 -4 -4 -4 -4 -4 -3 -3 -3 -2 -2 -1 --------- Run | Scr Mat Min Mat Min Exi Min Mat Sto Fac Low Low Zio Pro Fac Low Low Dat Pro Fac Upp Upp War Pro Fac Upp Upp Zhi Pro Res Tes Res Qua Acc Distress Signals 25 | . . 3 3 . . . 1 . . . . . . . . . . . . . . 2 . 3 . . . 3 1 1 2 . 6 Communications Jammed . | . . . . . . . . . . . . . . . . . . . . . . . . . . . . . . . . . . Distress Signals . | . . . . . . . . . . . . . . . . . . . . . . . . . . . . . . . . . . Times Spotted 692 | . 14 14 28 14 . 16 12 32 14 10 13 1 14 69 4 . . 25 24 11 11 17 19 111 9 7 . 22 21 37 12 29 82 Peak Tracking Total 13 | . 7 3 6 4 . 5 4 4 4 8 11 1 4 4 4 . . 5 5 5 5 9 5 13 3 6 . 9 6 5 5 6 9 Tactical Retreats 34 | . . 1 1 1 . . 1 2 . . 3 . . 6 . . . . . . . 1 . 4 . 1 . 2 . 1 . 2 8 Traps | -11 -10 -10 -9 -9 -9 -8 -8 -8 -7 -7 -7 -7 -6 -6 -6 -6 -6 -5 -5 -5 -5 -5 -4 -4 -4 -4 -4 -3 -3 -3 -2 -2 -1 ------- Run | Scr Mat Min Mat Min Exi Min Mat Sto Fac Low Low Zio Pro Fac Low Low Dat Pro Fac Upp Upp War Pro Fac Upp Upp Zhi Pro Res Tes Res Qua Acc Traps Triggered 10 | . . . . . . . . 5 . . . . . . . . . . . . . . . 2 . . . 1 1 1 . . . Indirectly . | . . . . . . . . . . . . . . . . . . . . . . . . . . . . . . . . . . Trap Hack Attempts 32 | . . . . . . . . . . . . . . 11 . . . . 5 . . . . . . . . . 16 . . . . Triggered . | . . . . . . . . . . . . . . . . . . . . . . . . . . . . . . . . . . Disarmed 1 | . . . . . . . . . . . . . . . . . . . . . . . . . . . . . 1 . . . . Reprogrammed 21 | . . . . . . . . . 4 . . . . 15 . . . . 1 . . . . . . . . . 1 . . . . Reused 13 | . . . . . . . . . . . . . . 10 . . . . 1 . . . . . 2 . . . . . . . . Traps Extracted . | . . . . . . . . . . . . . . . . . . . . . . . . . . . . . . . . . . Installed 3 | . . . . . . . . . . . . . . . . . . . . . . . . . 3 . . . . . . . . Triggered 32 | . . . . . . . . . 1 . . . 1 10 . . . . 1 . . 11 . . 4 2 . . . . . . 2 Most Traps Carried 1 | . . . . . . . . . . . . . . . . . . . . . . . . . 1 . . . . . . . . Exploded 1 | . . . . . . . . 1 . . . . . . . . . . . . . . . . . . . . . . . . . Machines | -11 -10 -10 -9 -9 -9 -8 -8 -8 -7 -7 -7 -7 -6 -6 -6 -6 -6 -5 -5 -5 -5 -5 -4 -4 -4 -4 -4 -3 -3 -3 -2 -2 -1 ---------- Run | Scr Mat Min Mat Min Exi Min Mat Sto Fac Low Low Zio Pro Fac Low Low Dat Pro Fac Upp Upp War Pro Fac Upp Upp Zhi Pro Res Tes Res Qua Acc Machines Disabled 41 | . . . . 1 . 1 . 1 . . . . . 5 . . . . 2 . . . . 11 . . . 2 . 7 . 9 2 Max in Single Turn 4 | . . . . 1 . 1 . . . . . . . 3 . . . . 1 . . . . 4 . . . 1 . 3 . 1 1 Garrison Access 9 | . . . . . . . . 1 1 . . . . 3 . . . . 1 . . . . 2 . . . . . . . . 1 Machines Sabotaged . | . . . . . . . . . . . . . . . . . . . . . . . . . . . . . . . . . . Garrisons Compromised 1 | . . . . . . . . . 1 . . . . . . . . . . . . . . . . . . . . . . . . Overloaded Fab Kills . | . . . . . . . . . . . . . . . . . . . . . . . . . . . . . . . . . . Hacking | -11 -10 -10 -9 -9 -9 -8 -8 -8 -7 -7 -7 -7 -6 -6 -6 -6 -6 -5 -5 -5 -5 -5 -4 -4 -4 -4 -4 -3 -3 -3 -2 -2 -1 --------- Run | Scr Mat Min Mat Min Exi Min Mat Sto Fac Low Low Zio Pro Fac Low Low Dat Pro Fac Upp Upp War Pro Fac Upp Upp Zhi Pro Res Tes Res Qua Acc Machines Accessed 117 | . 6 . 7 1 1 1 2 12 10 . 2 . . 20 1 . 3 . 6 1 . 1 . 15 . 1 4 2 8 4 1 3 5 Terminals 60 | . 5 . 5 1 . 1 1 10 5 . . . . 8 . . . . 3 . . . . 7 . . . 1 3 3 1 2 4 Fabricators 11 | . . . . . . . . . 1 . . . . 4 . . . . . . . . . 1 . . . 1 4 . . . . Repair Stations 10 | . . . 1 . . . . 1 1 . . . . 3 . . . . 1 . . . . 2 . . . . 1 . . . . Recycling Units 7 | . 1 . 1 . . . 1 . 1 . . . . 1 . . . . 1 . . . . 1 . . . . . . . . . Scanalyzers 6 | . . . . . . . . . 1 . . . . 1 . . . . . . . . . 2 . . . . . 1 . 1 . Garrison Access 9 | . . . . . . . . 1 1 . . . . 3 . . . . 1 . . . . 2 . . . . . . . . 1 Total Hacks 346 | . 18 . 26 2 1 3 4 31 31 . 7 . . 59 1 . 22 . 17 1 . 1 . 38 . 1 17 4 21 17 5 8 11 Successful 203 | . 6 . 10 . 1 . 4 20 23 . 7 . . 38 1 . 22 . 9 1 . 1 . 17 . 1 17 2 10 6 2 2 3 Failed 142 | . 12 . 16 2 . 3 . 10 8 . . . . 21 . . . . 8 . . . . 21 . . . 2 11 11 3 6 8 Catastrophic 25 | . 3 . 2 . . 1 . 1 2 . . . . 1 . . . . 2 . . . . 3 . . . . 4 1 1 1 3 Database Lockouts 1 | . . . . . . . . 1 . . . . . . . . . . . . . . . . . . . . . . . . . Manual 136 | . 14 . 14 2 . 3 3 16 9 . . . . 22 . . . . 5 . . 1 . 19 . . . 1 13 4 1 5 4 Terminals 193 | . 16 . 17 2 . 3 2 26 20 . . . . 32 . . . . 5 . . . . 21 . . . 3 11 13 5 7 10 Fabricators 23 | . . . . . . . . . 3 . . . . 10 . . . . . . . . . 2 . . . 1 7 . . . . Repair Stations 32 | . . . 6 . . . . 2 2 . . . . 8 . . . . 7 . . . . 4 . . . . 3 . . . . Recycling Units 17 | . 2 . 3 . . . 2 . 3 . . . . 2 . . . . 4 . . . . 1 . . . . . . . . . Scanalyzers 18 | . . . . . . . . . 2 . . . . 4 . . . . . . . . . 7 . . . . . 4 . 1 . Garrison Access 12 | . . . . . . . . 3 1 . . . . 3 . . . . 1 . . . . 3 . . . . . . . . 1 Terminal Hacks 117 | . 4 . 4 . 1 . 1 15 12 . 7 . . 13 1 . 22 . 1 1 . 1 . 3 . 1 17 1 3 4 2 . 3 Record 19 | . . . . . 1 . . . . . 6 . . . . . 6 . . . . . . . . . 5 . . . . . 1 Part Schematic 14 | . . . . . . . . . . . . . . 1 . . 9 . . . . . . . . . 4 . . . . . . Robot Schematic 5 | . . . . . . . . . 1 . . . . . . . 4 . . . . . . . . . . . . . . . . Robot Analysis 9 | . 2 . 1 . . . 1 1 . . . . . . . . . . . . . . . . . . 4 . . . . . . Prototype ID Bank 10 | . 1 . . . . . . 2 . . . . . . . . 3 . . . . . . . . . 4 . . . . . . Open Door 9 | . . . . . . . . 2 . . 1 . . . 1 . . . . 1 . 1 . . . 1 . 1 . . . . 1 Level Access Points 1 | . . . . . . . . . . . . . . . . . . . . . . . . . . . . . . 1 . . . Branch Access Points 4 | . . . 1 . . . . . 1 . . . . . . . . . . . . . . 1 . . . . . . . . 1 Machine Index 1 | . . . . . . . . . . . . . . 1 . . . . . . . . . . . . . . . . . . . Fabricator Index 1 | . . . . . . . . . . . . . . 1 . . . . . . . . . . . . . . . . . . . Unreport Threat 17 | . . . 2 . . . . 5 3 . . . . 2 . . . . . . . . . 2 . . . . 2 . 1 . . Locate Traps 9 | . 1 . . . . . . 2 2 . . . . 3 . . . . . . . . . . . . . . . 1 . . . Reprogram Traps 4 | . . . . . . . . . 1 . . . . 3 . . . . . . . . . . . . . . . . . . . Recall Extermination 1 | . . . . . . . . . . . . . . 1 . . . . . . . . . . . . . . . . . . . Registered Prototypes 1 | . . . . . . . . . . . . . . 1 . . . . . . . . . . . . . . . . . . . Zone Layout 11 | . . . . . . . . 3 4 . . . . . . . . . 1 . . . . . . . . . 1 1 1 . . Protovariant Controls 1 | . . . . . . . . . . . . . . . . . . . . . . . . . . . . . . 1 . . . Fabricator Hacks 8 | . . . . . . . . . 1 . . . . 6 . . . . . . . . . . . . . . 1 . . . . Load Schematic 3 | . . . . . . . . . . . . . . 3 . . . . . . . . . . . . . . . . . . . Build 5 | . . . . . . . . . 1 . . . . 3 . . . . . . . . . . . . . . 1 . . . . Repair Station Hacks 23 | . . . 3 . . . . 2 2 . . . . 6 . . . . 6 . . . . 2 . . . . 2 . . . . Scan Component 12 | . . . 2 . . . . 1 1 . . . . 3 . . . . 3 . . . . 1 . . . . 1 . . . . Repair 11 | . . . 1 . . . . 1 1 . . . . 3 . . . . 3 . . . . 1 . . . . 1 . . . . Recycling Unit Hacks 6 | . 1 . 1 . . . 1 . 1 . . . . 1 . . . . 1 . . . . . . . . . . . . . . Retrieve Components 6 | . 1 . 1 . . . 1 . 1 . . . . 1 . . . . 1 . . . . . . . . . . . . . . Scanalyzer 13 | . . . . . . . . . 1 . . . . 4 . . . . . . . . . 7 . . . . . 1 . . . Insert Component 9 | . . . . . . . . . 1 . . . . 2 . . . . . . . . . 5 . . . . . 1 . . . Analyze 4 | . . . . . . . . . . . . . . 2 . . . . . . . . . 2 . . . . . . . . . Garrison Access Hacks 6 | . . . . . . . . 1 1 . . . . 2 . . . . 1 . . . . 1 . . . . . . . . . Seal Access 6 | . . . . . . . . 1 1 . . . . 2 . . . . 1 . . . . 1 . . . . . . . . . Unauthorized Hacks 30 | . 1 . 2 . . . 2 2 5 . . . . 6 . . . . . . . . . 4 . . . 1 4 1 . 2 . Terminals 12 | . . . 1 . . . 1 2 3 . . . . 2 . . . . . . . . . 1 . . . . 1 . . 1 . Track 1 | . . . . . . . . . 1 . . . . . . . . . . . . . . . . . . . . . . . . Botnet 11 | . . . 1 . . . 1 2 2 . . . . 2 . . . . . . . . . 1 . . . . 1 . . 1 . Fabricators 9 | . . . . . . . . . 1 . . . . 2 . . . . . . . . . 2 . . . 1 3 . . . . Report 2 | . . . . . . . . . . . . . . . . . . . . . . . . 1 . . . . 1 . . . . Liberate 2 | . . . . . . . . . 1 . . . . . . . . . . . . . . . . . . . 1 . . . . Haulers 2 | . . . . . . . . . . . . . . . . . . . . . . . . 1 . . . . 1 . . . . Download 3 | . . . . . . . . . . . . . . 2 . . . . . . . . . . . . . 1 . . . . . Repair Stations . | . . . . . . . . . . . . . . . . . . . . . . . . . . . . . . . . . . Recycling Units 5 | . 1 . 1 . . . 1 . 1 . . . . 1 . . . . . . . . . . . . . . . . . . . Mask 3 | . . . . . . . 1 . 1 . . . . 1 . . . . . . . . . . . . . . . . . . . Tunnel 2 | . 1 . 1 . . . . . . . . . . . . . . . . . . . . . . . . . . . . . . Scanalyzers 2 | . . . . . . . . . . . . . . . . . . . . . . . . . . . . . . 1 . 1 . Researchers 2 | . . . . . . . . . . . . . . . . . . . . . . . . . . . . . . 1 . 1 . Garrison Access 2 | . . . . . . . . . . . . . . 1 . . . . . . . . . 1 . . . . . . . . . Reprogram 1 | . . . . . . . . . . . . . . 1 . . . . . . . . . . . . . . . . . . . Jam 1 | . . . . . . . . . . . . . . . . . . . . . . . . 1 . . . . . . . . . Data Cores Recovered 3 | . . . . . . . . 1 . . . . . . . . . . . . . . . 2 . . . . . . . . . Used . | . . . . . . . . . . . . . . . . . . . . . . . . . . . . . . . . . . Hacking Detections 80 | . 6 . 6 1 . 1 2 6 8 . . . . 14 . . . . 5 . . . . 13 . . . . 7 4 1 2 4 Full Trace Events 9 | . 1 . . . . 1 . . . . . . . 2 . . . . 1 . . . . 2 . . . . . 1 . 1 . Feedback Events 1 | . . . . . . . . . . . . . . . . . . . . . . . . 1 . . . . . . . . . Corruption 1 | . . . . . . . . . . . . . . . . . . . . . . . . 1 . . . . . . . . . Feedback Blocked . | . . . . . . . . . . . . . . . . . . . . . . . . . . . . . . . . . . Robot Schematics Acquired 10 | . . . . . . . . . 1 . . 3 . . . . 4 . . . . . . . . . . . . 2 . . . Robots Built 1 | . . . . . . . . . 1 . . . . . . . . . . . . . . . . . . . . . . . . Authchips . | . . . . . . . . . . . . . . . . . . . . . . . . . . . . . . . . . . Time 116 | . . . . . . . . . 116 . . . . . . . . . . . . . . . . . . . . . . . . Total Robot Build Rating 3 | . . . . . . . . . 3 . . . . . . . . . . . . . . . . . . . . . . . . Part Schematics Acquired 40 | . . . . . . . . . . . . 14 . 5 . . 9 . . . . . . 2 . . 4 1 . 5 . . . Parts Built 7 | . . . . . . . . . . . . . . 5 . . . . . . . . . . . . . . 2 . . . . Authchips 1 | . . . . . . . . . . . . . . 1 . . . . . . . . . . . . . . . . . . . Time 236 | . . . . . . . . . . . . . . 190 . . . . . . . . . . . . . . 46 . . . . Total Part Build Rating 56 | . . . . . . . . . . . . . . 38 . . . . . . . . . . . . . . 18 . . . . Parts Repaired 11 | . . . 1 . . . . 1 1 . . . . 3 . . . . 3 . . . . 1 . . . . 1 . . . . Time 453 | . . . 26 . . . . 51 14 . . . . 92 . . . . 186 . . . . 50 . . . . 34 . . . . Parts Recycled . | . . . . . . . . . . . . . . . . . . . . . . . . . . . . . . . . . . Recycled Matter . | . . . . . . . . . . . . . . . . . . . . . . . . . . . . . . . . . . Retrieved Matter . | . . . . . . . . . . . . . . . . . . . . . . . . . . . . . . . . . . Retrieved Components 14 | . 4 . 1 . . . 2 . 2 . . . . 2 . . . . 3 . . . . . . . . . . . . . . Parts Scanalyzed 5 | . . . . . . . . . 1 . . . . 2 . . . . . . . . . 2 . . . . . . . . . Part Schematics Acquired 4 | . . . . . . . . . . . . . . 2 . . . . . . . . . 2 . . . . . . . . . Parts Damaged . | . . . . . . . . . . . . . . . . . . . . . . . . . . . . . . . . . . Bothacking | -11 -10 -10 -9 -9 -9 -8 -8 -8 -7 -7 -7 -7 -6 -6 -6 -6 -6 -5 -5 -5 -5 -5 -4 -4 -4 -4 -4 -3 -3 -3 -2 -2 -1 ------------ Run | Scr Mat Min Mat Min Exi Min Mat Sto Fac Low Low Zio Pro Fac Low Low Dat Pro Fac Upp Upp War Pro Fac Upp Upp Zhi Pro Res Tes Res Qua Acc Used RIF Installer . | . . . . . . . . . . . . . . . . . . . . . . . . . . . . . . . . . . Robots Hacked 3 | . . . . . . . . . . . . . . 1 . . . 1 . . . . . . . . . . . . . . 1 Non-combat 1 | . . . . . . . . . . . . . . 1 . . . . . . . . . . . . . . . . . . . Combat 1 | . . . . . . . . . . . . . . . . . . 1 . . . . . . . . . . . . . . . Robot Hacks Applied 2 | . . . . . . . . . . . . . . 1 . . . 1 . . . . . . . . . . . . . . . parse_system 2 | . . . . . . . . . . . . . . 1 . . . 1 . . . . . . . . . . . . . . . Manual 1 | . . . . . . . . . . . . . . . . . . . . . . . . . . . . . . . . . 1 Relay Couplers Released 9 | . . . . . . . . . . . . . . 2 . . . . . . . . . . . . . . . 3 . 3 1 Machine Destruction 3 | . . . . . . . . . . . . . . 2 . . . . . . . . . . . . . . . . . . 1 Programmers 6 | . . . . . . . . . . . . . . . . . . . . . . . . . . . . . . 3 . 3 . Fabnet Peak Effective % . | . . . . . . . . . . . . . . . . . . . . . . . . . . . . . . . . . . Robots Rewired 24 | . . . . . . . . . . 2 2 . . . . . . 1 . 1 . 5 . 1 . 2 . 10 . . . . . Allies Hacked 1 | . . . . . . . . . . . . . . . . . . . . . . . . 1 . . . . . . . . . Hacks Repelled . | . . . . . . . . . . . . . . . . . . . . . . . . . . . . . . . . . . Allies | -11 -10 -10 -9 -9 -9 -8 -8 -8 -7 -7 -7 -7 -6 -6 -6 -6 -6 -5 -5 -5 -5 -5 -4 -4 -4 -4 -4 -3 -3 -3 -2 -2 -1 -------- Run | Scr Mat Min Mat Min Exi Min Mat Sto Fac Low Low Zio Pro Fac Low Low Dat Pro Fac Upp Upp War Pro Fac Upp Upp Zhi Pro Res Tes Res Qua Acc Total Allies 53 | . . 3 . 1 . . . 10 7 2 2 . . 2 . . . 2 . 1 . 5 1 3 . 2 . 10 . 1 . . 1 Largest Group 13 | . . 3 3 1 1 . . 10 13 8 5 5 4 2 . . . 1 . 1 . 5 3 3 . 2 2 5 3 1 . . 1 Highest-Rated Group 288 | . . 40 40 31 31 . . 173 266 177 137 137 107 64 . . . 96 . 29 . 288 246 148 . 95 95 176 176 30 . . 219 Highest-Rated Ally 219 | . . 16 16 31 31 . . 29 31 32 32 32 32 32 . . . 96 . 29 . 68 116 65 . 48 48 64 64 30 . . 219 Total Orders 44 | . . . . . . . . . 1 4 2 2 . . . . . . . . . 2 4 . 14 9 2 4 . . . . . STAY 11 | . . . . . . . . . . 2 1 1 . . . . . . . . . 1 2 . . 1 1 2 . . . . . ROAM 3 | . . . . . . . . . . . . . . . . . . . . . . . . . 3 . . . . . . . . FOLLOW 8 | . . . . . . . . . . 1 1 1 . . . . . . . . . 1 2 . . 1 1 . . . . . . AID 2 | . . . . . . . . . 1 1 . . . . . . . . . . . . . . . . . . . . . . . EXPLORE 12 | . . . . . . . . . . . . . . . . . . . . . . . . . 5 6 . 1 . . . . . RETURN 8 | . . . . . . . . . . . . . . . . . . . . . . . . . 6 1 . 1 . . . . . Ally Attacks 443 | . . . 52 4 . . . 11 120 47 8 6 27 6 . . . 15 . 6 . 28 . 26 . . . 31 32 5 . . 19 Total Damage 10561 | . . . 589 . . . . 97 1457 685 199 109 543 329 . . . 534 . 76 . 1330 . 912 . . . 725 851 21 . . 2104 Kills 61 | . . . 7 . . . . 1 10 6 4 2 5 1 . . . 2 . . . 5 . 4 . . . 3 2 . . . 9 Allies Corrupted 2 | . . . . . . . . . . . . . . . . . . . . . . 1 . 1 . . . . . . . . . Allies Melted 1 | . . . . . . . . . . . . . . . . . . . . . . . . . . . . . 1 . . . . Intel | -11 -10 -10 -9 -9 -9 -8 -8 -8 -7 -7 -7 -7 -6 -6 -6 -6 -6 -5 -5 -5 -5 -5 -4 -4 -4 -4 -4 -3 -3 -3 -2 -2 -1 ------- Run | Scr Mat Min Mat Min Exi Min Mat Sto Fac Low Low Zio Pro Fac Low Low Dat Pro Fac Upp Upp War Pro Fac Upp Upp Zhi Pro Res Tes Res Qua Acc Robot Analysis Total 9 | . 2 . 1 . . . 1 1 . . . . . . . . . . . . . . . . . . 4 . . . . . . Derelict Logs Recovered 23 | . . 1 . 1 . . . . . 1 2 1 2 . 2 2 . 2 . 2 2 . 1 . 2 2 . . . . . . . Drone Launches 24 | . . . . . . . . . . . . . . . . . . . . . . . . 8 9 6 . 1 . . . . . Drone Recoveries 20 | . . . . . . . . . . . . . . . . . . . . . . . . 6 8 5 . 1 . . . . . Decoded 0b10 Intel 53 | . . . . . . . . . . . . . . . . . . . 53 . . . . . . . . . . . . . . Traps 6 | . . . . . . . . . . . . . . . . . . . 6 . . . . . . . . . . . . . . Emergency Access 3 | . . . . . . . . . . . . . . . . . . . 3 . . . . . . . . . . . . . . Items 36 | . . . . . . . . . . . . . . . . . . . 36 . . . . . . . . . . . . . . Machines 5 | . . . . . . . . . . . . . . . . . . . 5 . . . . . . . . . . . . . . Guards 3 | . . . . . . . . . . . . . . . . . . . 3 . . . . . . . . . . . . . . Exploration | -11 -10 -10 -9 -9 -9 -8 -8 -8 -7 -7 -7 -7 -6 -6 -6 -6 -6 -5 -5 -5 -5 -5 -4 -4 -4 -4 -4 -3 -3 -3 -2 -2 -1 ------------- Run | Scr Mat Min Mat Min Exi Min Mat Sto Fac Low Low Zio Pro Fac Low Low Dat Pro Fac Upp Upp War Pro Fac Upp Upp Zhi Pro Res Tes Res Qua Acc Turns Passed 44187 | 4 614 1013 1024 1036 414 1036 586 1689 1369 1668 2730 1925 963 3024 1742 1671 185 1547 1742 937 1177 1217 1450 3331 1507 1748 269 1631 1161 1292 472 731 1282 Spaces Moved 21050 | 1 314 605 540 593 256 491 223 685 747 915 1535 1415 703 1430 645 665 75 515 599 349 523 650 560 1372 707 818 151 769 554 606 220 322 497 Core 4 | . . . . . . . . . . . . . . . . . . . . . . . . . . . . . . . . . 4 Treads 16664 | 1 314 73 189 593 256 491 223 685 747 915 1197 . . 387 645 665 75 515 599 349 523 650 560 1372 707 818 151 769 554 606 220 322 493 Legs . | . . . . . . . . . . . . . . . . . . . . . . . . . . . . . . . . . . Wheels 4382 | . . 532 351 . . . . . . . 338 1415 703 1043 . . . . . . . . . . . . . . . . . . . Hover . | . . . . . . . . . . . . . . . . . . . . . . . . . . . . . . . . . . Flight . | . . . . . . . . . . . . . . . . . . . . . . . . . . . . . . . . . . Fastest Speed 50 | 160 160 125 125 160 160 160 160 160 165 165 130 115 115 130 250 250 250 250 250 250 166 166 170 161 163 163 163 163 153 153 153 151 50 Average Speed 174 | 160 160 134 141 160 160 187 210 209 165 165 158 126 120 155 250 250 250 250 250 250 205 174 236 167 163 163 163 163 159 153 155 152 150 Slowest Speed 400 | 160 160 240 160 160 160 240 400 246 165 167 167 145 145 312 250 250 250 250 250 250 250 250 250 250 163 163 245 163 240 153 157 157 157 Overloaded Moves . | . . . . . . . . . . . . . . . . . . . . . . . . . . . . . . . . . . Propulsion Burnouts . | . . . . . . . . . . . . . . . . . . . . . . . . . . . . . . . . . . Robots Hopped . | . . . . . . . . . . . . . . . . . . . . . . . . . . . . . . . . . . Cave-ins Triggered . | . . . . . . . . . . . . . . . . . . . . . . . . . . . . . . . . . . Exploration Rate (%) 60 | 2 55 88 60 97 57 94 21 90 24 98 99 84 78 46 80 69 68 65 14 51 62 85 69 43 98 91 60 76 20 70 7 38 12 Regions Visited 33 Branch Regions 23 Pre-discovered Areas 15 | . 1 . 1 1 . . . . . . 1 1 2 . 1 1 1 . . . . . 1 . . 1 3 . . . . . . Known Exits Taken 23 | . . . 1 1 . . . . 1 . 1 . . 1 1 1 1 1 1 1 1 1 1 1 1 1 1 1 1 1 1 1 . Unknown Exits Taken 10 | 1 1 1 . . 1 1 1 1 . 1 . 1 1 . . . . . . . . . . . . . . . . . . . . Scrap Searched 33 | . . 1 . 1 . 1 . . . 2 4 3 1 . 5 . . 1 . 2 1 . 3 . 3 4 . 1 . . . . . Spaces Dug 161 | . . 3 2 11 . 1 . . . . 27 . . . 8 . . . 5 . 8 . 17 51 . 5 . 6 8 4 4 1 . Terrain Destroyed 834 | . . 3 7 27 . 21 2 . . . 27 . . 64 8 . . 66 33 3 100 1 123 163 1 6 . 67 15 70 11 8 8 Melee 33 | . . 3 2 . . 1 . . . . 27 . . . . . . . . . . . . . . . . . . . . . . Projectile 230 | . . . . . . . 2 . . . . . . . 8 . . 7 12 3 8 1 14 86 1 6 . 11 15 29 11 8 8 AOE 571 | . . . 5 27 . 20 . . . . . . . 64 . . . 59 21 . 92 . 109 77 . . . 56 . 41 . . . Terrain Rammed . | . . . . . . . . . . . . . . . . . . . . . . . . . . . . . . . . . . Walls Destroyed . | . . . . . . . . . . . . . . . . . . . . . . . . . . . . . . . . . . Machines Disabled . | . . . . . . . . . . . . . . . . . . . . . . . . . . . . . . . . . . Actions | -11 -10 -10 -9 -9 -9 -8 -8 -8 -7 -7 -7 -7 -6 -6 -6 -6 -6 -5 -5 -5 -5 -5 -4 -4 -4 -4 -4 -3 -3 -3 -2 -2 -1 --------- Run | Scr Mat Min Mat Min Exi Min Mat Sto Fac Low Low Zio Pro Fac Low Low Dat Pro Fac Upp Upp War Pro Fac Upp Upp Zhi Pro Res Tes Res Qua Acc Total 26192 | 3 373 713 690 637 260 544 273 841 872 1022 1725 1553 771 2005 745 674 74 703 771 393 588 718 626 2038 1034 1180 175 1094 710 831 293 455 808 Wait 2745 | 1 5 48 50 10 . 5 . 64 95 51 100 61 45 377 63 5 . 127 108 14 30 10 21 374 298 300 . 124 58 121 19 41 120 Move 21018 | . 313 604 539 592 255 490 222 684 746 914 1534 1414 702 1429 644 664 74 514 598 348 522 649 559 1372 706 817 150 768 553 605 220 321 496 Hop . | . . . . . . . . . . . . . . . . . . . . . . . . . . . . . . . . . . Pick Up 177 | . 8 5 13 2 3 4 6 3 7 3 3 22 2 21 1 2 . 2 4 . 2 6 1 19 5 2 3 2 3 5 3 6 9 Fast Attach 149 | . 3 1 4 1 . 1 7 4 1 3 5 7 2 10 3 . . . 6 . 1 6 1 14 . . 9 8 8 11 7 10 16 Attach 99 | . . 4 4 . . 3 2 2 2 4 1 8 1 13 1 . . . 3 . 2 2 2 10 1 2 . 1 2 3 1 3 22 Detach 56 | . 2 . 2 . . . . . . 4 2 6 . 8 1 . . . . . . 3 . 5 1 . 3 . . 3 2 4 10 Swap 200 | 2 3 3 8 6 1 7 2 6 4 . 7 6 2 25 4 2 . 15 6 2 4 7 11 22 4 7 . 7 7 7 2 5 6 Drop 246 | . 9 1 10 3 1 1 4 11 9 3 7 27 2 22 4 1 . 2 6 . 1 15 . 25 4 1 10 9 9 12 7 13 17 Fire 1122 | . 27 44 56 21 . 29 30 60 7 24 18 1 15 86 24 . . 33 33 12 26 5 30 178 12 25 . 31 48 59 30 52 106 Melee 70 | . . 3 2 . . 1 . . . . 36 1 . 2 . . . 1 . . . 15 1 4 . . . . . 3 . . 1 Ram 1 | . . . 1 . . . . . . . . . . . . . . . . . . . . . . . . . . . . . . Kick . | . . . . . . . . . . . . . . . . . . . . . . . . . . . . . . . . . . Crush 46 | . 3 . 1 2 . 3 . 1 1 . . . . 1 . . . . 2 . . . . 13 . . . 4 6 2 2 . 5 Escape Stasis 6 | . . . . . . . . 6 . . . . . . . . . . . . . . . . . . . . . . . . . Rewire 222 | . . . . . . . . . . 16 12 . . . . . . 9 . 17 . . . 2 . 26 . 140 . . . . . Trap 35 | . . . . . . . . . . . . . . 11 . . . . 5 . . . . . 3 . . . 16 . . . . Miscellaneous . | . . . . . . . . . . . . . . . . . . . . . . . . . . . . . . . . . . Route ------- -11/Scrapyard -10/Materials (discovered 2 exits: *Mat / [*Min]) -10/Mines (discovered 2 exits: *Mat x2) -9/Materials (discovered 3 exits: *Mat / *Min x2) -9/Mines (discovered 3 exits: *Mat x2 / *Exi) -9/Exiles -8/Mines (discovered 2 exits: *Mat x2) -8/Materials (discovered 2 exits: *Fac / *Sto) -8/Storage -7/Factory (discovered 2 exits: *Low x2) -7/Lower Caves -7/Lower Caves (discovered 2 exits: *Fac / *Zio) -7/Zion (discovered 2 exits: Dee / [*Pro]) -6/Proximity Caves -6/Factory (discovered 5 exits: *Fac x3 / *Low x2) -6/Lower Caves -6/Lower Caves (discovered 2 exits: *Fac / *Dat) -6/Data Miner -5/Proximity Caves -5/Factory -5/Upper Caves -5/Upper Caves (discovered 2 exits: *Fac / *War) -5/Warlord -4/Proximity Caves -4/Factory (discovered 7 exits: *Res x2 / *Upp x2 / *Ext x2 / Arm) -4/Upper Caves -4/Upper Caves (discovered 2 exits: *Res / *Zhi) -4/Zhirov -3/Proximity Caves -3/Research -3/Testing -2/Research -2/Quarantine -1/Access (discovered 2 exits: [*Sur] / Com) To Epsilon Eridani History --------- Turn | Location | Event 5 | -11/Scrapyard | Discovered new exit (range 0) 5 | -11/Scrapyard | Entered Materials 305 | -10/Materials | Build established: Mutant 362 | -10/Materials | Discovered new exit (range 3) 608 | -10/Materials | Discovered new exit (range 7) 619 | -10/Materials | Entered Mines 621 | -10/Mines | Met a Derelict bent on vengeance 639 | -10/Mines | Learned Materials stockpile data 680 | -10/Mines | Assembled infested the area 758 | -10/Mines | Lost 4 parts (1n2u1w) 1014 | -10/Mines | A weapon hastily lodged in a ceiling crevice suddenly fell to the ground 1436 | -10/Mines | Discovered new exit (range 6) 1618 | -10/Mines | Discovered new exit (range 9) 1627 | -10/Mines | Assisted by bots powering up and referring to "LRC-V3" 1632 | -10/Mines | Entered Materials 1632 | -9/Materials | Accompanied by 3 allies 1632 | -9/Materials | Evolved 2 slots: Propulsion x1, Utility x1 1688 | -9/Materials | Repaired Lgt. Treads 1894 | -9/Materials | Identified exit to Mines 1896 | -9/Materials | Discovered new exit (range 16) 2656 | -9/Materials | Entered Mines 2677 | -9/Mines | Discovered new exit (range 6) 2955 | -9/Mines | Identified exit to Exiles 2960 | -9/Mines | Received a Rocket Launcher from a helpful Derelict 3221 | -9/Mines | Discovered new exit (range 11) 3270 | -9/Mines | Build established: Scavenger-Mutant 3280 | -9/Mines | Escorted by a lone wolf Derelict 3300 | -9/Mines | Learned location of Storage (-8) 3681 | -9/Mines | Deemed a non-threat by the Exiles lab entrance 3692 | -9/Mines | Entered Exiles 3692 | -9/Exiles | Found Exiles lab abandoned 3692 | -9/Exiles | Accompanied by 1 ally 3718 | -9/Exiles | Discovered new exit (range 15) 4106 | -9/Exiles | Entered Mines 4199 | -8/Mines | Discovered new exit (range 11) 4283 | -8/Mines | Lost 3 parts (1n2u) 4549 | -8/Mines | Build established: Mutant 5094 | -8/Mines | Discovered new exit (range 6) 5142 | -8/Mines | Entered Materials 5142 | -8/Materials | Evolved 2 slots: Utility x1, Weapon x1 5243 | -8/Materials | Discovered new exit (range 15) 5427 | -8/Materials | Lost 3 parts (2n1w) 5439 | -8/Materials | Destroyed 7 combat bots 5624 | -8/Materials | Discovered new exit (range 5) 5728 | -8/Materials | Entered Storage 5896 | -8/Storage | Build established: Scavenger-Gunner 5907 | -8/Storage | Repaired Cld. Ion Engine 6363 | -8/Storage | Central database locked down 6365 | -8/Storage | Build established: Gunner 6884 | -8/Storage | Discovered new exit (range 5) 7261 | -8/Storage | Assisted by bots powering up and referring to "LRC-V3" 7417 | -8/Storage | Entered Factory 7417 | -7/Factory | Accompanied by 10 allies 7417 | -7/Factory | Evolved 2 slots: Propulsion x1, Utility x1 7569 | -7/Factory | Build established: Commander-Gunner 7715 | -7/Factory | Identified exit to Lower Caves 8240 | -7/Factory | Repaired Hvy. Missile Launcher 8595 | -7/Factory | Fabricated M-28 Smith? 8744 | -7/Factory | Cargo convoy interrupted 8786 | -7/Factory | Entered Lower Caves 8786 | -7/Lower Caves | Accompanied by 8 allies 9113 | -7/Lower Caves | Build established: Commander-Tank 9553 | -7/Lower Caves | Learned Factory garrison access intel 9591 | -7/Lower Caves | Attracted the attention of an 0b10 checkpoint 9862 | -7/Lower Caves | Encountered a Warlord checkpoint 10059 | -7/Lower Caves | Discovered new exit (range 5) 10070 | -7/Lower Caves | Attracted the attention of an 0b10 outpost 10381 | -7/Lower Caves | Build established: Gunner 10454 | -7/Lower Caves | Entered another Lower Caves area 10454 | -7/Lower Caves | Accompanied by 3 allies 10460 | -7/Lower Caves | Discovered new exit (range 12) 10904 | -7/Lower Caves | Identified exit to Zion 11059 | -7/Lower Caves | Learned location of 1 exit from Factory 11059 | -7/Lower Caves | Learned Armory trap positions 11059 | -7/Lower Caves | Learned Factory garrison access intel 11216 | -7/Lower Caves | Attracted the attention of an 0b10 outpost 12065 | -7/Lower Caves | Found Alien Artifact 12065 | -7/Lower Caves | Identified Core Expander 12065 | -7/Lower Caves | Installed Core Expander, added new Weapon slot 12320 | -7/Lower Caves | Learned Factory terminal intel 12437 | -7/Lower Caves | Build established: Tank 13184 | -7/Lower Caves | Entered Zion 13184 | -7/Zion | Accompanied by 5 allies 13218 | -7/Zion | Found Prototype Energy Gun 13349 | -7/Zion | Build established: Commander-Tank 13400 | -7/Zion | Discovered new exit (range 15) 13662 | -7/Zion | Found Prototype Device 13662 | -7/Zion | Identified Mobile Refinery Mk. CCLXVII 13801 | -7/Zion | Learned Factory emergency access door positions 13810 | -7/Zion | Identified exit to Deep Caves 13902 | -7/Zion | Identified Storm Laser 14050 | -7/Zion | Learned location of Warlord (-5) 14064 | -7/Zion | Found Prototype Processor 14070 | -7/Zion | Found Prototype Processor 14075 | -7/Zion | Found Prototype Processor 14077 | -7/Zion | Found Prototype Processor 14218 | -7/Zion | Identified Exp. Targeting Computer 14221 | -7/Zion | Identified Exp. Core Analyzer 14223 | -7/Zion | Identified Exp. Armor Integrity Analyzer 14224 | -7/Zion | Identified Spectral Analyzer 14716 | -7/Zion | Given A8's code to call for help 14812 | -7/Zion | Found Prototype Special Weapon 14812 | -7/Zion | Identified RU-N14's Throwing Claymores 14817 | -7/Zion | Found RU-N14's Throwing Claymores 14820 | -7/Zion | Found RU-N14's Throwing Claymores 15109 | -7/Zion | Entered Proximity Caves 15109 | -6/Proximity Caves | Accompanied by 4 allies 15414 | -6/Proximity Caves | Build established: Tank 15978 | -6/Proximity Caves | Discovered new exit (range 11) 16072 | -6/Proximity Caves | Entered Factory 16072 | -6/Factory | Evolved 2 slots: Utility x2 16073 | -6/Factory | Identified exit to Factory 16075 | -6/Factory | Loaded intel: 26 terminal locations 16076 | -6/Factory | Loaded intel: 4 garrison access locations 16210 | -6/Factory | Discovered new exit (range 7) 16242 | -6/Factory | Identified exit to Lower Caves 16650 | -6/Factory | Garrison activated, responded to threat 16930 | -6/Factory | Build established: Hacker-Gunner 16954 | -6/Factory | Discovered exit to Factory (range 11) 17366 | -6/Factory | Repaired Arm. Huge Wheel 17399 | -6/Factory | Repaired Cooling System 17589 | -6/Factory | Discovered exit to Factory (range 6) 18000 | -6/Factory | Fabricated Arm. Heavy Treads (x2) 18038 | -6/Factory | Garrison activated, responded to threat 18051 | -6/Factory | Fabricated Arm. Heavy Treads? 18295 | -6/Factory | Repaired Cooling System 18339 | -6/Factory | Discovered exit to Lower Caves (range 15) 18552 | -6/Factory | Fabricated Hvy. Mass Driver? 18810 | -6/Factory | Build established: Gunner 19096 | -6/Factory | Entered Lower Caves 19396 | -6/Lower Caves | Build established: Skirmisher 19733 | -6/Lower Caves | Learned Factory garrison access intel 19734 | -6/Lower Caves | Encountered a Warlord checkpoint 20123 | -6/Lower Caves | Build established: Gunner 20793 | -6/Lower Caves | Discovered new exit (range 14) 20836 | -6/Lower Caves | Identified exit to Lower Caves 20838 | -6/Lower Caves | Entered another Lower Caves area 20936 | -6/Lower Caves | Discovered exit to Factory (range 12) 21030 | -6/Lower Caves | Build established: Skirmisher 21736 | -6/Lower Caves | Learned Factory security intel 21867 | -6/Lower Caves | Encountered a Warlord checkpoint 22339 | -6/Lower Caves | Discovered new exit (range 4) 22346 | -6/Lower Caves | Identified exit to Data Miner 22509 | -6/Lower Caves | Entered Data Miner 22509 | -6/Data Miner | Discovered new exit (range 6) 22557 | -6/Data Miner | Met Data Miner 22604 | -6/Data Miner | Learned location of Section 7 (-2) 22604 | -6/Data Miner | Acquired the access code to Warlord's prototype stash 22637 | -6/Data Miner | Received God Mode back door access code from Data Miner 22692 | -6/Data Miner | Identified exit to Proximity Caves 22694 | -6/Data Miner | Entered Proximity Caves 22848 | -5/Proximity Caves | Escorted by Enhanced Grunt 23135 | -5/Proximity Caves | Received a Behemoth hack from an annoying Tinkerer 23445 | -5/Proximity Caves | Attracted the attention of an 0b10 outpost 23869 | -5/Proximity Caves | Learned Factory garrison access intel 23960 | -5/Proximity Caves | Discovered exit to Factory (range 9) 24241 | -5/Proximity Caves | Entered Factory 24241 | -5/Factory | Evolved 2 slots: Propulsion x1, Utility x1 24243 | -5/Factory | Loaded intel: 4 garrison access locations 24296 | -5/Factory | Found Imp. Powered Armor 24549 | -5/Factory | Discovered new exit (range 10) 24576 | -5/Factory | Identified exit to Upper Caves 24687 | -5/Factory | Build established: Gunner 24884 | -5/Factory | Repaired Arm. Heavy Treads? 25056 | -5/Factory | Repaired Arm. Heavy Treads 25116 | -5/Factory | Repaired Imp. Heavy Armor Plating? 25859 | -5/Factory | Build established: Pyromaniac-Mutant 25983 | -5/Factory | Entered Upper Caves 25986 | -5/Upper Caves | Attracted the attention of an 0b10 outpost 26473 | -5/Upper Caves | Identified exit to Upper Caves 26577 | -5/Upper Caves | Build established: Pyromaniac-Skirmisher 26755 | -5/Upper Caves | Attracted the attention of an 0b10 checkpoint 26768 | -5/Upper Caves | Learned Factory security intel 26920 | -5/Upper Caves | Entered another Upper Caves area 27061 | -5/Upper Caves | Build established: Pyromaniac-Gunner 27227 | -5/Upper Caves | Discovered new exit (range 13) 27396 | -5/Upper Caves | Destroyed 8 combat bots 27572 | -5/Upper Caves | Attacked by a delusional Derelict stockpiling parts 27658 | -5/Upper Caves | Build established: Mutant 27777 | -5/Upper Caves | Discovered new exit (range 13) 27795 | -5/Upper Caves | Identified exit to Warlord 27800 | -5/Upper Caves | Learned Factory emergency access door positions 28097 | -5/Upper Caves | Entered Warlord 28154 | -5/Warlord | System corruption cleaned by Quarantine Array 28698 | -5/Warlord | Build established: Commander-Mutant 28727 | -5/Warlord | Found Prototype Device 28728 | -5/Warlord | Identified Minesniffer Drone Bay 28794 | -5/Warlord | Warlord's base attacked by MAIN.C 28814 | -5/Warlord | Met EX-DEC 28818 | -5/Warlord | Found Prototype Energy Cannon 28945 | -5/Warlord | Met Warlord 28962 | -5/Warlord | Opened Warlord's prototype stash 28970 | -5/Warlord | Found Prototype Reactor 28978 | -5/Warlord | Found Prototype Hackware 28984 | -5/Warlord | Found Prototype Device 28984 | -5/Warlord | Identified Exp. Focal Shield 29144 | -5/Warlord | Warlord forces counterattacked 29173 | -5/Warlord | Spotted Executioner 29218 | -5/Warlord | Spotted Striker 29220 | -5/Warlord | Spotted Striker 29228 | -5/Warlord | Spotted B-86 Titan 29231 | -5/Warlord | Spotted B-75 Beast 29255 | -5/Warlord | Allies destroyed B-86 Titan 29264 | -5/Warlord | Build established: Commander-Gunner 29289 | -5/Warlord | Discovered new exit (range 12) 29311 | -5/Warlord | Identified exit to Proximity Caves 29314 | -5/Warlord | Entered Proximity Caves 29314 | -4/Proximity Caves | Accompanied by 2 allies 29854 | -4/Proximity Caves | Build established: Gunner 30282 | -4/Proximity Caves | Spotted B-86 Titan 30374 | -4/Proximity Caves | Destroyed B-86 Titan 30474 | -4/Proximity Caves | Discovered new exit (range 15) 30701 | -4/Proximity Caves | Build established: Tank 30714 | -4/Proximity Caves | Identified exit to Factory 30764 | -4/Proximity Caves | Entered Factory 30764 | -4/Factory | Accompanied by 2 allies 30764 | -4/Factory | Evolved 2 slots: Power x1, Propulsion x1 30765 | -4/Factory | Identified exit to Armory 30768 | -4/Factory | Loaded intel: 3 garrison access locations 30880 | -4/Factory | Incoming investigation squad redirected 31070 | -4/Factory | Build established: Machinist-Tank 31139 | -4/Factory | Incoming investigation squad redirected 31310 | -4/Factory | Identified Ghost Barrier 31310 | -4/Factory | Identified Vortex Chain Reactor 31310 | -4/Factory | Identified BFG-9k Vortex Edition 31442 | -4/Factory | Repaired Imp. Heavy Armor Plating 31491 | -4/Factory | Allied Derelicts emerged from ambush trap array 31663 | -4/Factory | P-70 Sage assimilated allied Assassin 7a 31952 | -4/Factory | Discovered new exit (range 16) 32014 | -4/Factory | First assault squad dispatched 32033 | -4/Factory | Incoming assault squad redirected 32044 | -4/Factory | Incoming assault squad redirected 32140 | -4/Factory | Incoming assault squad redirected 32444 | -4/Factory | Discovered new exit (range 7) 32494 | -4/Factory | Identified exit to Research 32788 | -4/Factory | Incoming assault squad redirected 33277 | -4/Factory | Incoming investigation squad redirected 33287 | -4/Factory | Incoming assault squad redirected 33317 | -4/Factory | Spotted B-86 Titan 33525 | -4/Factory | Discovered exit to Research (range 5) 33755 | -4/Factory | Identified exit to Upper Caves 33755 | -4/Factory | Identified exit to Extension 33790 | -4/Factory | Incoming assault squad redirected 34033 | -4/Factory | Incoming assault squad redirected 34034 | -4/Factory | Incoming assault squad redirected 34095 | -4/Factory | Entered Upper Caves 34304 | -4/Upper Caves | Build established: Skirmisher 34508 | -4/Upper Caves | Identified exit to Upper Caves 34918 | -4/Upper Caves | Attracted the attention of an 0b10 checkpoint 34934 | -4/Upper Caves | Build established: Tank 35602 | -4/Upper Caves | Entered another Upper Caves area 35666 | -4/Upper Caves | Discovered exit to Research (range 11) 35709 | -4/Upper Caves | Build established: Skirmisher 36303 | -4/Upper Caves | Discovered new exit (range 18) 36519 | -4/Upper Caves | Identified exit to Zhirov 37195 | -4/Upper Caves | Learned location of Testing (-3) 37350 | -4/Upper Caves | Entered Zhirov 37350 | -4/Zhirov | Accompanied by 2 allies 37350 | -4/Zhirov | Discovered new exit (range 3) 37352 | -4/Zhirov | Identified exit to Proximity Caves 37418 | -4/Zhirov | Learned location of Quarantine (-2) 37418 | -4/Zhirov | Learned location of Command (-1) 37454 | -4/Zhirov | Found Alien Artifact 37454 | -4/Zhirov | Identified Integrated Reactor 37454 | -4/Zhirov | Installed Integrated Reactor, increased core energy generation (+10) 37538 | -4/Zhirov | Found Alien Artifact 37619 | -4/Zhirov | Entered Proximity Caves 37619 | -3/Proximity Caves | Accompanied by 2 allies 37981 | -3/Proximity Caves | Build established: Mutant 38227 | -3/Proximity Caves | Attracted the attention of an 0b10 outpost 38262 | -3/Proximity Caves | Destroyed 8 combat bots 38337 | -3/Proximity Caves | Snuck into a huge 0b10 base via the rear entrance 38404 | -3/Proximity Caves | Derelicts attacked a huge 0b10 base 38652 | -3/Proximity Caves | Discovered exit to Research (range 9) 38882 | -3/Proximity Caves | Spotted B-86 Titan 39245 | -3/Proximity Caves | Build established: Tank 39250 | -3/Proximity Caves | Entered Research 39250 | -3/Research | Accompanied by 3 allies 39250 | -3/Research | Evolved 2 slots: Power x1, Utility x1 39251 | -3/Research | Identified exit to Testing 39318 | -3/Research | Repaired Arm. Heavy Treads 39386 | -3/Research | Spotted B-86 Titan 39409 | -3/Research | Destroyed B-86 Titan 39562 | -3/Research | Build established: Generator-Tank 39945 | -3/Research | Fabricated Biometal Heavy Treads (x2) 40184 | -3/Research | Garrison activated, responded to threat 40263 | -3/Research | Destroyed 8 combat bots 40411 | -3/Research | Entered Testing 40531 | -3/Testing | Found Prototype Device 40531 | -3/Testing | Identified Exp. Hardlight Generator 40591 | -3/Testing | Build established: Generator-Mutant 40619 | -3/Testing | Identified Transdimensional Reconstructor 40641 | -3/Testing | Incoming investigation squad redirected 40839 | -3/Testing | Spotted Striker 40971 | -3/Testing | Identified exit to Research 40971 | -3/Testing | Protovariant out of control (PH-1WRY1S6WYI) 40971 | -3/Testing | Unleashed a protovariant (PH-1WRY1S6WYI) 41000 | -3/Testing | Garrison activated, responded to threat 41027 | -3/Testing | Scanned by Researcher 41161 | -3/Testing | First assault squad dispatched 41183 | -3/Testing | Incoming assault squad redirected 41344 | -3/Testing | Build established: Generator-Tank 41517 | -3/Testing | Found Prototype Launcher 41517 | -3/Testing | Identified Containment Facilitator 41592 | -3/Testing | Found Exp. Targeting Computer 41703 | -3/Testing | Entered Research 41703 | -2/Research | Warlord forces began assault on 0b10 41703 | -2/Research | Evolved 2 slots: Propulsion x2 41704 | -2/Research | Identified exit to Quarantine 41813 | -2/Research | Research machine network offline 42175 | -2/Research | Entered Quarantine 42284 | -2/Quarantine | Found Alien Artifact 42408 | -2/Quarantine | Found Alien Energy Cannon 42408 | -2/Quarantine | Identified Core Cannon 42510 | -2/Quarantine | Incoming investigation squad redirected 42535 | -2/Quarantine | Garrison activated, responded to threat 42649 | -2/Quarantine | Discovered new exit (range 8) 42711 | -2/Quarantine | Found Alien Artifact 42753 | -2/Quarantine | Found Antimissile System 42763 | -2/Quarantine | Found Prototype Device 42763 | -2/Quarantine | Identified Exp. Focal Shield 42775 | -2/Quarantine | Found Prototype Launcher 42775 | -2/Quarantine | Identified Enh. Gamma Bomb Array 42890 | -2/Quarantine | Identified Subatomic Replicator 42890 | -2/Quarantine | Used Subatomic Replicator to replicate Alien Artifact 42891 | -2/Quarantine | Found Alien Artifact 42891 | -2/Quarantine | Identified Phase Armor 42905 | -2/Quarantine | Identified exit to Access 42906 | -2/Quarantine | Entered Access 42906 | -1/Access | Evolved 2 slots: Weapon x2 42931 | -1/Access | Spotted B-99 Colossus 42961 | -1/Access | Befriended a Behemoth using the annoying Tinkerer's hack 43101 | -1/Access | Discovered new exit (range 6) 43262 | -1/Access | Build established: Generator-Executioner 43381 | -1/Access | Identified exit to Command 43406 | -1/Access | First assault squad dispatched 43434 | -1/Access | Incoming assault squad redirected 43606 | -1/Access | System corruption reached 10% 43645 | -1/Access | Destroyed 7 combat bots 43701 | -1/Access | Lost 5 parts (1p3u1w) 43778 | -1/Access | Destroyed 9 combat bots 43873 | -1/Access | System corruption reached 30% 43935 | -1/Access | Incoming assault squad redirected 43986 | -1/Access | Spotted B-99 Colossus 43986 | -1/Access | Spotted B-99 Colossus 43989 | -1/Access | Destroyed B-99 Colossus 44003 | -1/Access | Destroyed B-99 Colossus 44040 | -1/Access | Lost 4 parts (3n1u) 44135 | -1/Access | Core integrity fell below 50% 44146 | -1/Access | Identified Phase Redirector 44181 | -1/Access | Incoming assault squad redirected 44188 | *** | Escaped! Last Messages --------------- 44170_ HV Slug penetrates G-73 Enforcer. 44170_ G-73 Enforcer suffers critical hit (Destroy). 44170_ Adv. Heat Sink fried. 44170_ G-73 Enforcer destroyed. 44170_ Core Cannon destroyed. 44173_ HV Slug penetrates H-81 Overseer. 44175_ RM,HHVYKFPW3JI:5KRZ9LZ:VZE3KXR9#L5 44176_ HV Slug penetrates H-81 Overseer. 44176_ Broken Arm. Heavy Treads destroyed. 44179_ HV Slug penetrates H-81 Overseer. 44179_ HV Slug penetrates Wall. 44179_ Hyp. Mass Driver destroyed. 44181_ ALERT: Higher priority target reported, redirecting assault. 44182_ K-01 Serf collects debris. 44184_ System corrupted: Dispersion Rifle failed to cycle. 44185_ Dispersion Rifle destroyed. 44185_ K-01 Serf collects debris. 44186_ Dropped Enh. Gamma Bomb Array. 44186_ Acquired 8 matter. 44186_ K-01 Serf collects debris. Map ----- +----------------------------------------------------+ | ?????????????????????????????????????????????????? | | ?????????????????????????????????????????????????? | | ?????????????????????????????????????????????????? | | ?????????????????????????????????????????????????? | | ?????????????????????????????????????????????????? | | ?????????????????????????????????????????????????? | | ?????????????????????????????????????????????????? | | ?????????????????????????????????????????????????? | | ?????????????????????????????????????????????????? | | ?????????????????????????????????????????????????? | | ??????????????????????? u ?????????????????????? | | ????????????????????? % ???????????????????? | | ???????????????????# ???????????????????? | | ???????????????????# k ???????????????????? | | ???????????????????# u%k ???????????????????? | | ???????????????????# ????????????????????? | | ???????????????????# = ????????????????????? | | ???????????????????# ==""???????????????????? | | ???????????????????# [%["#??????????????????? | | ???????????????????# =!! #??????????????????? | | ???????????????????#! * #??????????????????? | | ???????????????????#%= #??????????????????? | | ???????????????????#= #??????????????????? | | ???????????????????# #??????????????????? | | ???????????????????# "" #??????????????????? | | ???????????????????# "@ #??????????????????? | | ??????????###??????# !%!!% #??????????????????? | | ?????????? ?????# %!% #?????????????????## | | ?????????? ?????# ! ] #?????????????????# | | ?????????? ????## * % ##????????????????# | | ?????????? ????# !%! #????????????????# | | ??????????# #????## = ##????????????????# | | ??????????# #?????#""%* #?????????????????# | | ??????????# #?????#"" = #?????????????????# | | ??????????# #?????#T [=[[#?????????????????# | | ??????????# #?????#""! [%*[!#?????????????????# | | ??????????# #?????#""H= !=%[#?????????????????# | | ########### #######""u !%=%#################### | | [!*= [[%= % | | %% ! %%===% | | +###+###### #############################+####### | | #??# #??????????????????????????# # | | #??# #??????????????????????????# # | | #??# #??????????????????????????# "" # | | #??# #??????????????????????????# """ # | | #??# #??????????????????????????# "T # | | #?## ##?????????????????????????# """ # | | ### #?????????????????????????# "" # | | + "T #?????????????????????????# # | | " ### "" #?????????????????????????# # | +----------------------------------------------------+ Best States ------------- Heat Dissipation 108 Coolant Potential 100 Energy Generation 98 Energy Capacity 940 Matter Stores 300 Matter Capacity 600 Sight Range 16 Robot Scan Range 16 Terrain Scan Density 10 Power Amplification 30 Corruption Containment 8 Corruption Block 12 Armor Coverage 2100 Resistance: KI 30 Resistance: TH 30 Evasion (%) 40 Targeting Accuracy 20 Target Analysis 8 Armor Integrity Analysis 40 Recoil Reduction 8 Particle Charging 15 Kinecelleration 30 Salvage Targeting 1 Offensive Hacking 21 Defensive Hacking 20 Authchip Count 1 Item Schematics ----------------- Energy Filter | -7/Zion | Archive EM Disruption Field | -7/Zion | Archive Recalibrator | -7/Zion | Archive Proton Cannon | -7/Zion | Archive Great Axe | -7/Zion | Archive Wave Gun | -7/Zion | Archive Imp. Titanium Leg | -7/Zion | Archive Imp. Thermal Generator | -7/Zion | Archive Imp. Core Shielding | -7/Zion | Archive Mak. Hacking Suite | -7/Zion | Archive Imp. Transmission Jammer | -7/Zion | Archive Dynamic Insulation System | -7/Zion | Archive Hyp. Gauss Rifle | -7/Zion | Archive Hvy. Mass Driver | -7/Zion | Archive Arm. Huge Wheel | -6/Factory | Scanalyzed Imp. Medium Armor Plating | -6/Factory | Scanalyzed Biometal Medium Treads | -6/Factory | Downloaded Adv. System Restoration Module | -6/Factory | Hacked Arm. Heavy Treads | -6/Factory | Downloaded Combat Drone Bay | -6/Data Miner | Free Lgt. Regenerative Plating | -6/Data Miner | Free Cld. Nuclear Pulse Thruster | -6/Data Miner | Free Prc. Matter Filter | -6/Data Miner | Free Plasma Sword | -6/Data Miner | Free Impulse Thruster | -6/Data Miner | Free Graphene Brace | -6/Data Miner | Free Micro-nuke Launcher | -6/Data Miner | Free Adv. Recalibrator | -6/Data Miner | Free Neutron Cannon | -4/Factory | Scanalyzed Adv. Coolant Injector | -4/Factory | Scanalyzed Assault Drone Bay | -4/Zhirov | Free Exp. Heat Sink | -4/Zhirov | Free Exp. Optical Array | -4/Zhirov | Free Imp. Arc Thrower | -4/Zhirov | Free Centrium Leg | -3/Proximity Caves | Downloaded Imp. Lightning Gun | -3/Testing | Archive Centrium Light Armor Plating | -3/Testing | Archive Cld. Antigrav System | -3/Testing | Archive Tesla Bomb Launcher | -3/Testing | Archive Tiamat Missile Launcher | -3/Testing | Archive Robot Schematics ------------------ P-60 Hacker | -7/Factory | Hacked B-36 Bruiser | -7/Zion | Archive K-01 Serf | -7/Zion | Archive R-06 Scavenger | -7/Zion | Archive A-15 Conveyor | -6/Data Miner | Free L-41 Fighter | -6/Data Miner | Free E-15 Imp | -6/Data Miner | Free G-50 Soldier | -6/Data Miner | Free G-67 Veteran | -3/Testing | Archive R-10 Processor | -3/Testing | Archive Fabricated ------------ M-28 Smith | x1 | -7/Factory | Preloaded Arm. Heavy Treads | x2 | -6/Factory | Authchip Arm. Heavy Treads | x2 | -6/Factory Hvy. Mass Driver | x1 | -6/Factory Biometal Heavy Treads | x2 | -3/Research | Preloaded Alien Tech Used ----------------- Core Expander Integrated Reactor Core Cannon Subatomic Replicator Phase Armor Phase Redirector Achievements -------------- None Challenges ------------ None Game ------ Seed PhaseNetworkDoomcannon Manual? 0 Play Time 04:07:20 Cumulative 1049.4 hours Start 2022.02.15 @ 13:55:15 End 2022.02.19 @ 02:59:11 Sessions 11 Manual Loads 0 Difficulty Rogue Special Mode None Game No. 724 Rogue 720 Adventurer 4 Explorer 0 Win Type 0 Total 114 Types 87/9/8/4/2/0/0/2/2 Lore% 94 Gallery% 96 Achievement% 96 Wizard Run 0 Options --------- ASCII 0 Keyboard 1 Movement Vi Keybinds 0 Fullscreen 0 Font 16/Terminus Map View 76x50 Tactical HUD 1 Map Filters NONE Filters NONE Steam 1 RUN: be7efd94-00c1-4377-98b1-20213f3c6f27